 Dungeon Crawl Stone Soup version 0.30-a0-218-gedb9141078 (webtiles) character file.

Game seed: 2188992134398527570

2437899 sleeves the Invulnerable (level 27, 250/250 HPs)
             Began as a Minotaur Reaver on Oct 5, 2022.
             Was the Champion of Qazlal.
             Escaped with the Orb
             ... and 4 runes!
             The game lasted 02:39:18 (68310 turns).

sleeves the Invulnerable (Minotaur Reaver)         Turns: 68310, Time: 02:39:19

Health: 250/250    AC: 49    Str: 33    XL:     27
Magic:  35/35      EV: 17    Int: 24    God:    Qazlal [******]
Gold:   4090       SH: 46    Dex: 21    Spells: 27/28 levels left

rFire   + + .      SeeInvis +    j - +9 broad axe (vorpal)
rCold   + + +      Faith    .    f - +6 tower shield "Pasoclig" {rPois Str-3 Int+8 Stlth-}
rNeg    . . .      Spirit   .    N - +9 scales of the Dragon King {rPois rF+ rC+ Will+}
rPois   +          Reflect  +    Q - +2 hat
rElec   +          Harm     .    i - +1 cloak "Osmagorr" {rF+ Slay+5}
rCorr   +          Rampage  +    h - +2 pair of gloves "Cyutook" {*Corrode Regen+ Str+5 Dex+9}
Will    ++++.                    F - +2 pair of boots {rampage}
Stlth   ..........               s - amulet "Usot" {Reflect rC++ SH+5 Stlth+}
HPRegen 1.41/turn                k - ring of Due Proportion {rElec rCorr Str+3 Int+6 Stlth+}
MPRegen 0.24/turn                P - ring of willpower

@: hasted, repel missiles, very quick
A: horns 2, retaliatory headbutt, see invisible, deterioration 2, low MP 1, no
potion heal 1
0: Orb of Zot
}: 4/15 runes: decaying, slimy, silver, gossamer
a: Renounce Religion, Upheaval, Elemental Force, Disaster Area


You escaped.
You worshipped Qazlal.
Qazlal was exalted by your worship.
You visited 12 branches of the dungeon, and saw 56 of its levels.
You visited the Abyss 2 times.
You visited 1 bazaar.
You also visited: Trove and Volcano.

You collected 9708 gold pieces.
You spent 5618 gold pieces at shops.

Inventory:

Hand Weapons
 j - a +9 vorpal broad axe (weapon)
   (You took it off a draconian knight on level 4 of the Realm of Zot)
 o - a +9 broad axe of freezing
   (You took it off an orc warrior on level 1 of the Orcish Mines)
Missiles
 r - 5 silver boomerangs (quivered)
 v - 6 javelins
 w - 2 silver javelins
 A - 9 curare-tipped darts
 Z - 20 boomerangs
Armour
 f - the +6 tower shield "Pasoclig" (worn) {rPois Str-3 Int+8 Stlth-}
   (You found it in a treasure trove)

   Str:       It affects your strength (-3).
   Int:       It affects your intelligence (+8).
   rPois:     It protects you from poison.
   Stlth:     It makes you less stealthy.
 h - the +2 pair of gloves "Cyutook" (worn) {*Corrode Regen+ Str+5 Dex+9}
   (You bought it in a shop on level 5 of the Dungeon)

   Str:       It affects your strength (+5).
   Dex:       It affects your dexterity (+9).
   Regen:     It increases your rate of health regeneration.
   *Corrode:  It may corrode you when you take damage.
 i - the +1 cloak "Osmagorr" (worn) {rF+ Slay+5}
   (You found it in a treasure trove)

   Slay:      It affects your accuracy & damage with ranged weapons and melee
   (+5).
   rF:        It protects you from fire.
 F - a +2 pair of boots of rampaging (worn)
   (You bought it in a shop on level 2 of the Elven Halls)
 N - the +9 scales of the Dragon King (worn) {rPois rF+ rC+ Will+}
   (You found it on level 5 of the Vaults)

   rF:        It protects you from fire.
   rC:        It protects you from cold.
   rPois:     It protects you from poison.
   Will:      It increases your willpower.
 Q - a +2 hat (worn)
   (You found it on level 1 of the Spider Nest)
Jewellery
 a - a ring of flight
   (You found it on level 1 of the Crypt)
 k - the ring of Due Proportion (left hand) {rElec rCorr Str+3 Int+6 Stlth+}
   (You found it on level 5 of the Pits of Slime)

   [ring of intelligence]

   Str:       It affects your strength (+3).
   Int:       It affects your intelligence (+6).
   rElec:     It insulates you from electricity.
   rCorr:     It protects you from acid and corrosion.
   Stlth:     It makes you more stealthy.
 s - the amulet "Usot" (around neck) {Reflect rC++ SH+5 Stlth+}
   (You found it in a treasure trove)

   [amulet of reflection]

   It reflects blocked missile attacks.
   rC:        It greatly protects you from cold.
   SH:        It affects your SH (+5).
   Stlth:     It makes you more stealthy.
 D - the ring "Unafo" {rC+ Int+6}
   (You found it on level 5 of the Vaults)

   [ring of intelligence]

   Int:       It affects your intelligence (+6).
   rC:        It protects you from cold.
 E - the amulet of the Frog {Faith +Inv Regen+ Int+2}
   (You found it on level 2 of the Elven Halls)

   [amulet of faith]

   It allows you to gain divine favour quickly.
   Int:       It affects your intelligence (+2).
   +Inv:      It lets you turn invisible.
   Regen:     It increases your rate of health regeneration.
 I - the ring "Tubuck" {Ice rElec Will+++ Dex-2 SInv}
   (You took it off Josephina on level 4 of the Depths)

   [ring of ice]

   It enhances your ice magic.
   Dex:       It affects your dexterity (-2).
   rF:        It makes you vulnerable to fire.
   rC:        It protects you from cold.
   rElec:     It insulates you from electricity.
   SInv:      It lets you see invisible.
   Will:      It greatly increases your willpower.
 J - a ring of resist corrosion
   (You found it on level 2 of the Lair of Beasts)
 L - a ring of see invisible
   (You found it on level 4 of the Swamp)
 P - a ring of willpower (right hand)
   (You found it on level 4 of the Vaults)
 R - a ring of positive energy
   (You found it on level 12 of the Dungeon)
 U - a ring of protection from fire
   (You found it on level 2 of the Lair of Beasts)
Wands
 q - a wand of acid (10)
   (You took it off Maurice on level 2 of the Orcish Mines)
 x - a wand of iceblast (28)
   (You found it on level 4 of the Spider Nest)
 W - a wand of digging (22)
   (You found it on level 5 of the Lair of Beasts)
Scrolls
 d - 10 scrolls of butterflies
 g - 12 scrolls of vulnerability
 p - 3 scrolls of enchant weapon
 u - 4 scrolls of blinking
 z - 7 scrolls of fear
 G - a scroll of magic mapping
 H - 3 scrolls of summoning
 O - 12 scrolls of immolation
 S - 19 scrolls of teleportation
 V - 7 scrolls of enchant armour
 Y - 5 scrolls of torment
Potions
 b - 5 potions of attraction
 c - 7 potions of heal wounds
 e - 2 potions of resistance
 l - 6 potions of flight
 m - 3 potions of mutation
 n - 8 potions of ambrosia
 t - 5 potions of magic
 y - a potion of invisibility
 B - 11 potions of haste
 C - 21 potions of curing
 X - a potion of berserk rage
Miscellaneous
 M - a phial of floods
   (You found it on level 9 of the Dungeon)


   Skills:
 + Level 21.2 Fighting
 + Level 19.4 Axes
 - Level 18.0 Throwing
 O Level 27 Armour
 - Level 15.0 Dodging
 O Level 27 Shields
 - Level 1.3 Spellcasting
 - Level 2.1 Conjurations
 O Level 27 Invocations


You had 27 spell levels left.
You knew the following spells:

 Your Spells              Type           Power      Damage    Failure   Level
a - Kiss of Death         Conj/Necr      24%        2d7       36%         1

Your spell library contained the following spells:

 Spells                   Type           Power      Damage    Failure   Level
 Shock                    Conj/Air       24%        1d4       36%         1
 Apportation              Tloc           2%         N/A       50%         1
 Freeze                   Ice            4%         1d3       50%         1
 Necrotise                Necr           4%         1d4       50%         1
 Sandblast                Erth           2%         2d4       50%         1
 Sting                    Tmut/Pois      4%         1d3       50%         1
 Summon Small Mammal      Summ           4%         N/A       50%         1
 Momentum Strike          Conj/Tloc      12%        3d8       50%         2
 Blink                    Tloc           2%         N/A       65%         2
 Cigotuvi's Dreadful Rot  Necr/Pois/Air  2%         N/A       65%         2
 Passwall                 Tmut/Erth      0%         N/A       65%         2
 Poisonous Vapours        Pois/Air       2%         N/A       65%         2
 Sublimation of Blood     Necr           1%         N/A       65%         2
 Wereblood                Tmut           1%         N/A       65%         2
 Hailstorm                Conj/Ice       6%         3d4       73%         3
 Stone Arrow              Conj/Erth      12%        3d7       73%         3
 Frozen Ramparts          Ice            2%         1d1       86%         3
 Gell's Gravitas          Tloc           1%         N/A       86%         3
 Ignite Poison            Fire/Tmut/Pois 1%         N/A       86%         3
 Kindle Blastsparks       Fire/Tloc/Air  2%         2d10      86%         3
 Lesser Beckoning         Tloc           2%         N/A       86%         3
 Ozocubu's Armour         Ice            1%         N/A       86%         3
 Spider Form              Tmut/Pois      1%         N/A       86%         3
 Swiftness                Air            1%         N/A       86%         3
 Teleport Other           Tloc           1%         N/A       86%         3
 Vhi's Electric Charge    Tloc/Air       2%         N/A       86%         3
 Fulminant Prism          Conj/Hex       3%         3d6       98%         4
 Iskenderun's Mystic Bla  Conj/Tloc      6%         2d4       98%         4
 Airstrike                Air            0%         2d(1-17)  99%         4
 Animate Armour           Summ/Erth      2%         N/A       99%         4
 Animate Dead             Necr           1%         N/A       99%         4
 Cause Fear               Hex            0%         N/A       99%         4
 Dispel Undead            Necr           1%         3d6       99%         4
 Leda's Liquefaction      Hex/Erth       0%         N/A       99%         4
 Olgreb's Toxic Radiance  Pois           1%         N/A       99%         4
 Petrify                  Tmut/Erth      1%         N/A       99%         4
 Summon Lightning Spire   Summ/Air       1%         N/A       99%         4
 Arcjolt                  Conj/Air       3%         1d13      100%        5
 Blade Hands              Tmut           0%         N/A       100%        5
 Borgnjor's Vile Clutch   Necr/Erth      0%         N/A       100%        5
 Fireball                 Conj/Fire      3%         3d4       100%        5
 Freezing Cloud           Conj/Ice/Air   2%         6-21      100%        5
 Irradiate                Conj/Tmut      3%         3d12      100%        5
 Iskenderun's Battlesphe  Conj           12%        2d7       100%        5
 Lee's Rapid Deconstruct  Erth           0%         3d5*      100%        5
 Metabolic Englaciation   Hex/Ice        0%         N/A       100%        5
 Summon Mana Viper        Hex/Summ       1%         N/A       100%        5
 Yara's Violent Unravell  Hex/Tmut       0%         3d3       100%        5
 Conjure Ball Lightning   Conj/Air       3%         3x3d6     100%        6
 Death Channel            Necr           0%         N/A       100%        6
 Dispersal                Tloc           0%         N/A       100%        6
 Eringya's Noxious Bog    Tmut/Pois      0%         N/A       100%        6
 Iron Shot                Conj/Erth      3%         9d2       100%        6
 Simulacrum               Ice/Necr       0%         N/A       100%        6
 Statue Form              Tmut/Erth      0%         N/A       100%        6
 Dragon Form              Tmut           0%         N/A       100%        7
 Enfeeble                 Hex            0%         N/A       100%        7
 Malign Gateway           Summ/Tloc      0%         N/A       100%        7
 Orb of Destruction       Conj           6%         9d6       100%        7
 Storm Form               Tmut/Air       0%         N/A       100%        7
 Borgnjor's Revivificati  Necr           0%         N/A       100%        8
 Discord                  Hex            0%         N/A       100%        8
 Disjunction              Tloc           0%         N/A       100%        8
 Lehudib's Crystal Spear  Conj/Erth      3%         10d2      100%        8
 Maxwell's Capacitive Co  Air            0%         ∞         100%        8
 Necromutation            Tmut/Necr      0%         N/A       100%        8
 Summon Horrible Things   Summ           0%         N/A       100%        8
 Death's Door             Necr           0%         N/A       100%        9
 Dragon's Call            Summ           0%         N/A       100%        9
 Polar Vortex             Ice            0%         N/A       100%        9
 Shatter                  Erth           0%         3d5*      100%        9


Dungeon Overview and Level Annotations

Branches:
Dungeon (15/15)            Temple (1/1) D:6            Lair (5/5) D:11
  Swamp (4/4) Lair:3       Spider (4/4) Lair:3        Slime (5/5) Lair:4
    Orc (2/2) D:10            Elf (3/3) Orc:2        Vaults (5/5) D:14
  Crypt (3/3) Vaults:3       Tomb (0/3) Crypt:3      Depths (4/4) D:15
    Zot (5/5) Depths:4    Volcano (visited)

Altars:
Ashenzari
Cheibriados
Dithmenos
Elyvilon
Fedhas
Gozag
Hepliaklqana
Kikubaaqudgha
Makhleb
Nemelex Xobeh
Okawaru
Qazlal
Ru
Sif Muna
Trog
Uskayaw
Vehumet
Wu Jian
Xom
Yredelemnul
Zin
The Shining One

Shops:
D:3 *   D:5 [   D:7 ?(   D:8 :   Orc:2 ?*([[   Elf:1 ((   Elf:2 [   Elf:3 [=*((
Depths:1 ==   Depths:2 :=:   Depths:4 :

Portals:
Hell: Depths:1 Depths:2 Depths:3 Depths:4
Abyss: Depths:3
Pandemonium: Depths:2 Depths:3
Ziggurat: Depths:1

Annotations:
D:2 1 runed translucent door, Crazy Yiuf
D:11 3 runed translucent doors
Lair:4 exclusion: oklob plant
Lair:5 exclusion: 2 doors
Swamp:1 1 runed translucent door, sirJeffrey23's ghost, adept DsFi
Depths:4 4 runed translucent doors
Zot:1 Parghit
Zot:3 2 transporters, exclusion: obsidian statue


Innate Abilities, Weirdness & Mutations

You have a pair of horns on your head.
You reflexively headbutt those who attack you in melee.
You have supernaturally acute eyesight. (SInv)
Your body often deteriorates upon taking damage.
Your magical capacity is low. (-10% MP)
Potions are less effective at restoring your health.


Message History

An Orb Guardian comes into view.
You feel a little less mighty now.
You rampage towards the Orb Guardian!
You block the Orb Guardian's attack.
You hit the Orb Guardian but do no damage.
The Orb Guardian is struck by lightning.
You block the Orb Guardian's attack.
You slice the Orb Guardian!! Your headbutt misses the Orb Guardian.
The Orb Guardian is heavily wounded.
You block the Orb Guardian's attack.
You closely miss the Orb Guardian. Your headbutt misses the Orb Guardian.
The Orb Guardian is heavily wounded.
You block the Orb Guardian's attack.
You slice the Orb Guardian!!
You headbutt the Orb Guardian, but do no damage.
The Orb Guardian is almost dead.
You block the Orb Guardian's attack.
You closely miss the Orb Guardian. You headbutt the Orb Guardian.
The Orb Guardian is almost dead.
You block the Orb Guardian's attack.
You hit the Orb Guardian but do no damage.
You headbutt the Orb Guardian.
You kill the Orb Guardian!
Qazlal accepts your kill.
An Orb Guardian comes into view.
You rampage towards the Orb Guardian!
An Orb Guardian comes into view.
Found 15 gold pieces.
The Orb Guardian disappears!
You rampage towards the Orb Guardian!
You slash the Orb Guardian!
You headbutt the Orb Guardian, but do no damage.
The Orb Guardian is lightly wounded.
You block the Orb Guardian's attack.
You barely miss the Orb Guardian. Your headbutt misses the Orb Guardian.
The Orb Guardian is lightly wounded.
You block the Orb Guardian's attack.
You slice the Orb Guardian!! Your headbutt misses the Orb Guardian.
The Orb Guardian is heavily wounded.
You hit the Orb Guardian but do no damage.
Your headbutt misses the Orb Guardian.
The Orb Guardian is heavily wounded.
You block the Orb Guardian's attack.
You closely miss the Orb Guardian.
You headbutt the Orb Guardian, but do no damage.
The Orb Guardian is heavily wounded.
You block the Orb Guardian's attack.
You barely miss the Orb Guardian. You headbutt the Orb Guardian.
The Orb Guardian is heavily wounded.
The Orb Guardian hits you but does no damage.
You slash the Orb Guardian!
The Orb Guardian is severely wounded.
You block the Orb Guardian's attack.
You slice the Orb Guardian!!
You kill the Orb Guardian!
Qazlal accepts your kill.
No target in view!
An Orb Guardian comes into view.
An Orb Guardian comes into view.
Found the Orb of Zot and a scroll of butterflies.
An Orb Guardian comes into view.
You rampage towards the Orb Guardian!
You miss the Orb Guardian.
You headbutt the Orb Guardian, but do no damage.
You hear a shout!
The Orb Guardian enters a dispersal trap!
The Orb Guardian blinks! x4; You blink.
An Orb Guardian comes into view.
The Orb Guardian blinks!
You slice the Orb Guardian!! Your headbutt misses the Orb Guardian.
The Orb Guardian is moderately wounded.
You hear a shout! x2
The Orb Guardian disappears!
You slash the Orb Guardian! Your headbutt misses the Orb Guardian.
The Orb Guardian is moderately wounded.
You hear a shout!
The Orb Guardian enters a dispersal trap!
The Orb Guardian blinks! x3; You blink.
You block the Orb Guardian's attack.
You slash the Orb Guardian! You headbutt the Orb Guardian!
The Orb Guardian is moderately wounded.
You hear a loud "Zot"!
You block the Orb Guardian's attack.
You miss the Orb Guardian. You headbutt the Orb Guardian!
The Orb Guardian is heavily wounded.
The Orb Guardian disappears!
You block the Orb Guardian's attack.
You slice the Orb Guardian!!
You headbutt the Orb Guardian, but do no damage.
The Orb Guardian is severely wounded.
The Orb Guardian hits you but does no damage.
You slice the Orb Guardian!!
You kill the Orb Guardian!
Qazlal accepts your kill.
An orb of fire comes into view.
You hear a shout!
You miss the Orb Guardian. You headbutt the Orb Guardian!
The Orb Guardian is lightly wounded.
You hear a shout!
You block the Orb Guardian's attack.
You miss the Orb Guardian.
You headbutt the Orb Guardian, but do no damage.
The Orb Guardian is lightly wounded.
You hear a shout!
You block the Orb Guardian's attack.
You completely miss the Orb Guardian. Your headbutt misses the Orb Guardian.
The Orb Guardian is lightly wounded.
You block the Orb Guardian's attack.
Throw: 3 javelins (silver)
Press: ? - help, Q - select action, (/) - cycle Shift-Dir - straight line, f - Orb Guardian
Aim: an Orb Guardian (sparse dust, lightly wounded, 73% to hit)
You throw a silver javelin.
The silver javelin closely misses the Orb Guardian.
The silver javelin closely misses the orb of fire.
The Orb Guardian hits you but does no damage.
Throw: 2 javelins (silver)
Press: ? - help, Q - select action, (/) - cycle Shift-Dir - straight line, f - orb of fire, p - Orb Guardian
Aim: an orb of fire (freezing vapour, 60% to hit, chaotic)
You throw a silver javelin.
The silver javelin misses the orb of fire.
The orb of fire is engulfed in freezing vapours.
You block the Orb Guardian's attack.
You slash the orb of fire! You headbutt the orb of fire.
The orb of fire is lightly damaged.
You hit the Orb Guardian but do no damage.
You hear a shout!
You barely miss the orb of fire.
The orb of fire is lightly damaged.
You slice the Orb Guardian!!
You hear a deafening roar!
You block the Orb Guardian's attack.
A Killer Klown comes into view. It is wielding a +12 club of freezing.
You feel very mighty all of a sudden.
You hear a shout!
You block the Orb Guardian's attack.
The orb of fire glows deep purple.
The bolt of fire hits you!! You resist.
You feel protected from fire.
You hear a sizzling sound!
You block the Orb Guardian's attack.
You slash the orb of fire!
The orb of fire is moderately damaged.
You miss the Orb Guardian.
The Killer Klown grows four more heads, takes them off and juggles!
A dread lich comes into view.
You block the Orb Guardian's attack.
You slice the orb of fire!!
The orb of fire is moderately damaged.
You hit the Orb Guardian.
The orb of fire glows red.
The bolt of fire hits you. You resist.
Your corrosive artefact corrodes you!
The Killer Klown says, "Come and play with me!"
The Killer Klown blinks!
You block the Orb Guardian's attack.
The dread lich casts a spell.
You miss the orb of fire. You headbutt the orb of fire.
The orb of fire is moderately damaged.
You barely miss the Orb Guardian.
You hear a deafening roar!
You block the Orb Guardian's attack.
You miss the orb of fire.
The orb of fire is moderately damaged.
You barely miss the Orb Guardian.
A dread lich comes into view.
The Killer Klown pies you viciously!
The klown pie reflects off an invisible shield around you!
The klown pie hits the Killer Klown!!
Blueberry!
The Killer Klown loses the ability to speak.
You block the Orb Guardian's attack.
You slice the orb of fire!! Your headbutt misses the orb of fire.
The orb of fire is heavily damaged.
You hit the Orb Guardian.
The orb of fire emits a lurid red light.
The bolt of fire is repelled.
An orb of fire comes into view.
The dread lich gestures wildly while chanting.
The dread lich pulls the alarm!
The alarm trap emits a blaring wail!
A sentinel's mark forms upon you. You block the Orb Guardian's attack.
You hear a deafening roar!
You hear a shout!
You hear a roar!
You closely miss the orb of fire. You headbutt the orb of fire!!
The orb of fire is severely damaged.
You hit the Orb Guardian but do no damage.
An Orb Guardian comes into view.
The Killer Klown blinks!
You block the Orb Guardian's attack.
You completely miss the orb of fire.
The orb of fire is severely damaged.
You slash the Orb Guardian!
The tormentor enters a dispersal trap!
The dread lich blinks!
The orb of fire blinks!
The green death blinks!
The dread lich blinks!
The Killer Klown blinks!
The Orb Guardian blinks!
The Orb Guardian enters a dispersal trap!
The dread lich blinks!
The orb of fire blinks! x2; The Orb Guardian blinks!
The green death blinks!
The Killer Klown blinks!
The tormentor blinks!
You blink.
The Orb Guardian blinks!
The dread lich blinks!
The Orb Guardian blinks!
The dread lich blinks! x3; The tormentor blinks!
The orb of fire blinks!
You blink.
The tormentor blinks!
The dread lich casts a spell.
The dread lich flickers and vanishes for a moment.
The Orb Guardian enters a dispersal trap!
The Killer Klown blinks!
The Orb Guardian blinks!
The orb of fire blinks!
The dread lich blinks!
The Orb Guardian blinks!
The orb of fire blinks!
The dread lich blinks!
The orb of fire blinks!
You blink.
The Orb Guardian blinks!
The orb of fire enters a dispersal trap!
The orb of fire blinks!
The dread lich blinks! x2; The Orb Guardian blinks!
You blink.
The orb of fire blinks!
The tormentor disappears!
The tormentor reappears nearby!
The dread lich mumbles some strange words.
The dread lich seems to speed up.
You block the tormentor's attack. x2
You rampage towards the orb of fire!
The tormentor attacks as you move away! You block the tormentor's attack. x2
A Killer Klown comes into view. It is wielding a +11 club of freezing.
The orb of fire glows deep purple.
The bolt of fire misses you. The green death gestures at you.
The bolt of poison misses you.
The Killer Klown moves out of view.
You closely miss the orb of fire. Your headbutt misses the orb of fire.
The orb of fire is severely damaged.
You hit the dread lich. You slash the tormentor!
The Orb Guardian enters a dispersal trap!
The dread lich blinks!
The tormentor blinks!
The orb of fire blinks! x2
The Orb Guardian blinks!
The dread lich blinks!
The green death blinks!
The orb of fire blinks!
You blink.
The Orb Guardian blinks!
An Orb Guardian comes into view.
The tormentor calls on the powers of darkness!
The Orb Guardian convulses!
Your body is wracked with pain!
* * * LOW HITPOINT WARNING * * *
Your body deteriorates!
You feel weakened.
The Orb Guardian convulses!
The orb of fire glows bright magenta.
The bolt of fire is repelled.
Activating: Disaster Area (0% risk of failure)
Press: ? - help, Dir - look around, f - activate Nature churns violently around you!
The blast of magma engulfs the green death!!!
The green death is severely wounded.
The blast of rubble hits the tormentor!
The tormentor is severely wounded.
The blast of rubble hits the orb of fire but does no damage.
The orb of fire is severely damaged.
The blast of rubble hits the dread lich!!!
The dread lich is heavily damaged.
The blast of rubble hits the orb of fire!
The orb of fire is lightly damaged.
The blast of ice hits the orb of fire!!
The orb of fire partially resists.
The orb of fire is moderately damaged.
The orb of fire is flash-frozen.
The blast of ice hits the dread lich!
The dread lich partially resists.
The dread lich is heavily damaged.
The dread lich is flash-frozen.
The blast of ice hits the green death!!
You kill the green death!
The green death disappears in a puff of smoke!
The blast of magma engulfs the orb of fire!!
The orb of fire partially resists.
The orb of fire is severely damaged.
The blast of magma engulfs the dread lich!
The dread lich partially resists.
The dread lich is severely damaged.
The blast of magma engulfs the Orb Guardian!!
The Orb Guardian is almost dead.
The blast of magma engulfs the orb of fire!
The orb of fire partially resists.
The orb of fire is almost destroyed.
The cutting wind hits the Orb Guardian!!
You kill the Orb Guardian!
Qazlal accepts your kill.
The cutting wind hits the orb of fire!!!
The orb of fire is heavily damaged.
The blast of rubble hits the dread lich!!!
You destroy the dread lich!
Qazlal accepts your kill.
The tormentor disappears in a puff of smoke!
The blast of rubble hits the orb of fire but does no damage.
The orb of fire is almost destroyed.
The blast of rubble hits the orb of fire!
The orb of fire is heavily damaged.
The blast of rubble hits the orb of fire but does no damage.
The orb of fire is almost destroyed.
The blast of rubble hits the orb of fire!
The orb of fire is severely damaged.
The blast of ice hits the orb of fire!!!
The orb of fire partially resists.
You destroy the orb of fire!
Qazlal accepts your kill.
You feel your strength returning.
Throw: javelin (silver)
Press: ? - help, Q - select action, (/) - cycle Shift-Dir - straight line, f - orb of fire
Aim: an orb of fire (almost destroyed, 60% to hit, chaotic)
You throw a silver javelin.
The silver javelin barely misses the orb of fire.
You hear a sizzling splash.
An Orb Guardian comes into view.
The Orb Guardian hits you but does no damage.
A dread lich and a storm dragon come into view.
Throw: 5 boomerangs (silver)
Press: ? - help, Q - select action, (/) - cycle Shift-Dir - straight line, f/p - orb of fire
Aim: an orb of fire (almost destroyed, 60% to hit, chaotic)
You throw a silver boomerang.
The silver boomerang hits the orb of fire!!
The silver sears the orb of fire!
You destroy the orb of fire!
Qazlal accepts your kill.
The Killer Klown blinks!
You block the Orb Guardian's attack.
Activating: Disaster Area (0% risk of failure)
Press: ? - help, Dir - look around, f - activate Nature churns violently around you!
The blast of magma engulfs the storm dragon!!!
The storm dragon is heavily wounded.
The blast of magma engulfs the Orb Guardian!!!
The Orb Guardian is severely wounded.
The blast of magma engulfs the Orb Guardian!!!
The Orb Guardian is almost dead.
The blast of magma engulfs the Orb Guardian!!!
You kill the Orb Guardian!
Qazlal accepts your kill.
The blast of rubble hits the Killer Klown!!!
The Killer Klown is almost dead.
The blast of rubble hits the dread lich!!!
The dread lich is moderately damaged.
The blast of rubble hits the dread lich!!
The dread lich is heavily damaged.
You hear a sizzling sound!
The blast of magma engulfs the Killer Klown!!!
The Killer Klown is heavily wounded.
You hear a sizzling sound!
The blast of rubble hits the Killer Klown!!
You kill the Killer Klown!
Qazlal accepts your kill.
The blast of magma engulfs the Orb Guardian!!!
You kill the Orb Guardian!
Qazlal accepts your kill.
The blast of magma engulfs the storm dragon!!!
The storm dragon is almost dead.
The blast of magma engulfs the dread lich!!
The dread lich partially resists.
The dread lich is severely damaged.
The blast of rubble hits the Killer Klown!!
The Killer Klown is severely wounded.
The cutting wind hits the dread lich!
The dread lich is almost destroyed.
The cutting wind hits the dread lich!!!
You destroy the dread lich!
Qazlal accepts your kill.
The cutting wind hits the storm dragon!!!
You kill the storm dragon!
Qazlal accepts your kill.
The storm dragon scales are intact enough to wear.
The blast of rubble hits the Killer Klown!!!
The Killer Klown is almost dead.
The Killer Klown blinks!
You block the Orb Guardian's attack.
You slash the Orb Guardian! Your headbutt misses the Orb Guardian.
The Orb Guardian is almost dead.
You block the Orb Guardian's attack.
The Killer Klown disappears!
You slice the Orb Guardian!!
You kill the Orb Guardian!
Qazlal accepts your kill.
The dread lich is no longer encased in ice.
The Orb Guardian is no longer encased in ice.
Your magical effects are unravelling.
You feel magically purged.
You feel a little less mighty now.
The sentinel's mark upon you fades away.
You are no longer corroded.
Your protection from fire is fading.
A black draconian comes into view.
It is wielding a +2 scimitar of holy wrath.
Your system partially rejects the healing.
You feel much better.
An Orb Guardian comes into view.
You rampage towards the dread lich!
You slash the dread lich! You headbutt the dread lich!
The dread lich is heavily damaged.
You block the dread lich's attack.
You slash the dread lich!
The dread lich is severely damaged.
An Orb Guardian comes into view.
You barely miss the dread lich.
You headbutt the dread lich, but do no damage.
The dread lich is severely damaged.
You closely miss the Orb Guardian. You block the dread lich's attack.
You block the Orb Guardian's attack.
You slice the dread lich!! You headbutt the dread lich.
You destroy the dread lich!
Qazlal accepts your kill.
You slice the Orb Guardian!! You block the Orb Guardian's attack.
You slice the Orb Guardian!!
You kill the Orb Guardian!
Qazlal accepts your kill.
You rampage towards the black draconian!
You hit the black draconian but do no damage.
You headbutt the black draconian.
The black draconian is severely wounded.
You feel less protected from fire.
You hear a loud "Zot"!
You block the black draconian's attack.
An Orb Guardian comes into view.
You slice the black draconian!!
You kill the black draconian!
Qazlal accepts your kill.
You slash the Orb Guardian! You block the Orb Guardian's attack.
You slice the Orb Guardian!! You headbutt the Orb Guardian.
The Orb Guardian is heavily wounded.
You slash the Orb Guardian! The Orb Guardian hits you!
You block the Orb Guardian's attack.
You cut the Orb Guardian into ribbons!!!
You kill the Orb Guardian!
Qazlal accepts your kill.
You hit the Orb Guardian. You block the Orb Guardian's attack.
The Killer Klown howls with blood-lust!
You rampage towards the Orb Guardian!
You block the Orb Guardian's attack. The Orb Guardian hits you!
* * * LOW HITPOINT WARNING * * *
You feel protected from physical attacks.
The Killer Klown blinks!
You slice the Orb Guardian!!
The Orb Guardian is moderately wounded.
You slash the Orb Guardian! You barely miss the Killer Klown.
You block the Orb Guardian's attack. x2; You block the Killer Klown's attack.
You slash the Orb Guardian! Your headbutt misses the Orb Guardian.
The Orb Guardian is heavily wounded.
You slash the Orb Guardian! You slash the Killer Klown!
You block the Orb Guardian's attack. x2; The Killer Klown closely misses you.
You barely miss the Orb Guardian. You headbutt the Orb Guardian!
The Orb Guardian is heavily wounded.
You slice the Orb Guardian!! You closely miss the Killer Klown.
You block the Orb Guardian's attack. x2; The Killer Klown blinks!
You rampage towards the Killer Klown!
You slice the Killer Klown!!
You kill the Killer Klown!
Qazlal accepts your kill.
You slash the Orb Guardian!
You kill the Orb Guardian!
Qazlal accepts your kill.
You slash the Orb Guardian! You block the Orb Guardian's attack.
Your Axes skill increases to level 19!
You hit the Orb Guardian but do no damage.
The Orb Guardian is severely wounded.
You block the Orb Guardian's attack.
You hit the Orb Guardian but do no damage.
The Orb Guardian is severely wounded.
You block the Orb Guardian's attack.
You slash the Orb Guardian! You headbutt the Orb Guardian!
The Orb Guardian is almost dead.
You block the Orb Guardian's attack.
You slash the Orb Guardian!
You kill the Orb Guardian!
Qazlal accepts your kill.
Things that are here:
a +2 scimitar of holy wrath; 12 gold pieces You chop the Orb Guardian into pieces!!!
You headbutt the Orb Guardian.
The Orb Guardian is heavily wounded.
You block the Orb Guardian's attack.
You slice the Orb Guardian!! You headbutt the Orb Guardian.
You kill the Orb Guardian!
Qazlal accepts your kill.
You see here the Orb of Zot.
Your protection from physical attacks is fading.
You now have 4090 gold pieces (gained 15).
Things that are here:
a +12 club of freezing; a Killer Klown corpse You see here a silver javelin.
w - a silver javelin You feel less protected from physical attacks.
The Orb Guardian disappears!
w - 2 silver javelins (gained 1)
C - 21 potions of curing (gained 3)
You start resting.
Magic restored.
You start resting.
HP restored.
Things that are here:
a +12 club of freezing; a Killer Klown corpse You see here the Orb of Zot.
You feel yourself speed up.
You pick up the Orb of Zot!
The Orb lets out a hideous shriek!
The lords of Pandemonium are not amused.
Beware!
Now all you have to do is get back out of the dungeon!
Things that are here:
a +12 club of freezing; a Killer Klown corpse You hear a shout!
A sun demon comes into view.
The sun demon shouts!
Things that are here:
a +11 club; a Killer Klown corpse; a Killer Klown corpse A ynoxinul comes into view.
The ynoxinul gestures.
You barely miss the sun demon. You block the sun demon's attack.
You slash the sun demon!
The sun demon is lightly wounded.
The ufetubus enters a dispersal trap!
The ufetubus blinks!
The ynoxinul blinks!
The sun demon blinks!
You blink.
The ufetubus shouts!
You rampage towards the sun demon!
You closely miss the sun demon. Your headbutt misses the sun demon.
The sun demon is lightly wounded.
You block the sun demon's attack.
You slice the sun demon!! You headbutt the sun demon!
The sun demon is almost dead.
You hit the sun demon.
You kill the sun demon!
Qazlal accepts your kill.
You rampage towards the ufetubus!
You have identified the last scroll.
Found a scroll of silence.
You slice the ufetubus like a ripe choko!!!
You kill the ufetubus!
The ufetubus disappears in a puff of smoke!
You barely miss the ufetubus. You slice the ufetubus!!
You kill the ufetubus!
The ufetubus disappears in a puff of smoke!
The ynoxinul gestures.
You rampage towards the Orb Guardian!
You slash the Orb Guardian! Your headbutt misses the Orb Guardian.
The Orb Guardian is moderately wounded.
You block the Orb Guardian's attack.
You carve the Orb Guardian like a ham!!!
You headbutt the Orb Guardian!
The Orb Guardian is almost dead.
You carve the Orb Guardian like a ham!!!
You kill the Orb Guardian!
Qazlal accepts your kill.
Your Fighting skill increases to level 21!
You rampage towards the ufetubus!
You hit the ufetubus.
You kill the ufetubus!
The ufetubus disappears in a puff of smoke!
The ynoxinul gestures.
You rampage towards the ufetubus!
You slice the ufetubus like a ripe choko!!!
You kill the ufetubus!
The ufetubus disappears in a puff of smoke!
You miss the ufetubus.
You rampage towards the ynoxinul!
You slash the ynoxinul! You headbutt the ynoxinul!
The ynoxinul is heavily wounded.
You slash the ufetubus!
You kill the ufetubus!
The ufetubus disappears in a puff of smoke!
You slice the ufetubus!!
You kill the ufetubus!
The ufetubus disappears in a puff of smoke!
You block the ynoxinul's attack.
You closely miss the ynoxinul.
The ynoxinul is heavily wounded.
You slice the ufetubus!!
You kill the ufetubus!
The ufetubus disappears in a puff of smoke!
The ufetubus enters a dispersal trap!
The ynoxinul blinks!
You blink.
The ufetubus blinks!
You carve the ynoxinul like a ham!!!
You kill the ynoxinul!
Qazlal accepts your kill.
The ufetubus disappears in a puff of smoke!
You see here a scroll of identify.
Do you really want to walk into the Zot trap? (Confirm with "yes".)
You enter the Zot trap.
The power of Zot is invoked against you!
You are heavily infused with residual magic.
There is a Zot trap here.
Your magical effects are unravelling.
You feel magically purged.
You feel less contaminated with magical energies.
You feel yourself slow down.
You feel magically purged.
You feel slightly less contaminated with magical energies.
Okay, then.
Unknown command.
Your body shudders with the violent release of wild energies!
You feel your body start to fall apart.
An Orb Guardian comes into view.
The Orb Guardian attacks as you move away!
You block the Orb Guardian's attack.
The Orb Guardian attacks as you move away!
You block the Orb Guardian's attack.
The Orb Guardian hits you but does no damage.
You slice the Orb Guardian!!
The Orb Guardian is moderately wounded.
You block the Orb Guardian's attack.
You cut the Orb Guardian into ribbons!!!
You headbutt the Orb Guardian.
You kill the Orb Guardian!
Qazlal accepts your kill.
No target in view!
There is an open door here.
There is an open door here.
You feel less contaminated with magical energies.
There is an open door, spattered with blood here.
You see here +0 shadow dragon scales.
There is a stone staircase leading up here.
Unknown command.
You climb upwards.
There is a stone staircase leading down here.
A Leacsy and a sun demon come into view.
The sun demon shouts!
Press: ? - help, v - describe, . - travel
Here: Leacsy, armed with a chaotic touch The floor.
A hell beast comes into view.
A hell beast is nearby!
A hell beast is nearby!
Press: ? - help, . - travel You can't see that place. [the floor.] Leacsy gestures.
A dragon appears.
You slash the golden dragon! You headbutt the golden dragon!!
The golden dragon is moderately wounded.
You slice the golden dragon!!
The golden dragon is heavily wounded.
You slash Leacsy!
You block the golden dragon's attack. x2
The golden dragon completely misses you.
Leacsy completely misses you.
You hit the golden dragon.
The golden dragon is heavily wounded.
You slash Leacsy! You block Leacsy's attack.
You block the golden dragon's attack.
The golden dragon claws you but does no damage.
You block the golden dragon's attack.
You slash Leacsy! You headbutt Leacsy, but do no damage.
Leacsy is moderately wounded.
You slash the golden dragon! You block Leacsy's attack.
You hit Leacsy but do no damage.
Leacsy is moderately wounded.
You slash the golden dragon!
Leacsy is engulfed in freezing vapours.
Leacsy hits you!!
Your body deteriorates!
You feel weakened.
The golden dragon breathes poison at you.
The blast of poison engulfs you but does no damage.
You are poisoned.
You resist.
You miss Leacsy.
Leacsy is moderately wounded.
You barely miss the golden dragon.
You feel very sick.
Leacsy is engulfed in freezing vapours.
You block Leacsy's attack. You block the golden dragon's attack.
The golden dragon claws you but does no damage.
The golden dragon closely misses you.
You closely miss Leacsy.
Leacsy is moderately wounded.
You hit the golden dragon but do no damage.
You feel sick.
Leacsy is engulfed in freezing vapours.
You block Leacsy's attack.
You slice Leacsy!! Your headbutt misses Leacsy.
Leacsy is heavily wounded.
You slice the golden dragon!!
You kill the golden dragon!
The golden dragon's corpse disappears in a puff of smoke!
You feel sick.
Leacsy is engulfed in freezing vapours.
You block Leacsy's attack.
The hell beast is engulfed in poison gas.
The hell beast is poisoned.
The sun demon is struck by lightning.
You slice Leacsy!! Your headbutt misses Leacsy.
Leacsy is severely wounded.
You barely miss the hell beast.
You feel sick.
Leacsy is engulfed in freezing vapours.
Leacsy gestures at you. The bolt of negative energy hits you!!
You feel drained.
The hell beast is engulfed in poison gas.
The hell beast looks even sicker.
You block the hell beast's attack. The hell beast misses you.
Leacsy is engulfed in freezing vapours.
Leacsy gestures at you. The bolt of negative energy hits you.
You feel drained.
You slash Leacsy!
Leacsy is almost dead.
You slice the sun demon!!
You feel sick.
Leacsy is engulfed in freezing vapours.
Leacsy gestures at you.
The bolt of negative energy is repelled.
The hell beast is struck by lightning.
You slice Leacsy!!
You kill Leacsy!
Qazlal accepts your kill.
You closely miss the sun demon.
You feel sick. The sun demon hits you!
You are engulfed in flames.
You resist.
You closely miss the hell beast.
The hell beast is moderately wounded.
You slice the sun demon!!
You kill the sun demon!
Qazlal accepts your kill.
You feel sick.
The hell beast is engulfed in freezing vapours.
You block the hell beast's attack. x2
You slice the hell beast!!
The hell beast is severely wounded.
You feel sick. You block the hell beast's attack. x2
You closely miss the hell beast. You headbutt the hell beast.
The hell beast is severely wounded.
You feel sick. You block the hell beast's attack. x2
You slice the hell beast!!
You kill the hell beast!
Qazlal accepts your kill.
You feel sick.
You feel sick.
There is an open door here.
You feel sick.
You are no longer poisoned.
There is a stone staircase leading up, spattered with blood here.
You see here a +1 cloak.
You climb upwards.
Level annotation: 2 transporters, exclusion: obsidian statue
There is a stone staircase leading down here.
A hellephant comes into view.
You can't go up here!
There is a stone staircase leading up, spattered with blood here.
You climb upwards.
There is a stone staircase leading down here.
There is an open door here.
Your magical contamination has completely faded away.
There is a stone staircase leading up here.
HP restored.
You climb upwards.
Level annotation: Parghit
There is a stone staircase leading down here.
You see here a +0 morningstar of venom.
Things that are here:
a scroll of identify; a +0 robe; a +3 whip of holy wrath
Things that are here:
+0 storm dragon scales; +0 gold dragon scales; a +1 cloak A chaos spawn comes into view.
You rampage towards the chaos spawn!
You slice the chaos spawn!! You headbutt the chaos spawn.
The chaos spawn is almost dead.
You closely miss the chaos spawn. You headbutt the chaos spawn.
You kill the chaos spawn!
Qazlal accepts your kill.
The chaos spawn degenerates into a cloud of primal chaos!
No target in view!
(D) Dungeon (T) Temple (L) Lair (S) Swamp (N) Spider Nest (M) Slime Pits (O) Orcish Mines (E) Elven Halls (V) Vaults (C) Crypt (W) Tomb (U) Depths (H) Hell (Z) Zot
Where to? (Enter - Zot:1 @ (x,y), ? - help)
A green death comes into view.
The green death roars!
The green death gestures at you.
The blast of poison engulfs you but does no damage.
You resist.
You closely miss the green death. You completely miss the green death.
The green death gestures at you. The blast of poison misses you.
You barely miss the green death. You block the green death's attack.
You slash the green death!
The green death is lightly wounded.
You slice the green death!!
The green death is heavily wounded.
The green death gestures at you.
The bolt of poison is repelled.
You slice the green death!!
You kill the green death!
Qazlal accepts your kill.
No target in view!
(D) Dungeon (T) Temple (L) Lair (S) Swamp (N) Spider Nest (M) Slime Pits (O) Orcish Mines (E) Elven Halls (V) Vaults (C) Crypt (W) Tomb (U) Depths (H) Hell (Z) Zot
Where to? (Enter - Zot:1 @ (x,y), ? - help) HP restored.
You see here 2 stones.
There is a gate leading back out of this place here.
You go up through the gate.
Welcome back to the Depths!
Level annotation: 4 runed translucent doors
There is a gate to the Realm of Zot here.
Things that are here:
a +0 cloak; a +2 short sword of venom
There is an open door here.
There is an open door, spattered with blood here.
Things that are here:
a +0 flail; a +0 halberd You see here a +0 battleaxe.
There is an open door, spattered with blood here.
You see here +0 ice dragon scales.
You see here a +0 short sword.
You see here a +0 halberd.
There is an open door, spattered with blood here.
You enter the shallow water.
Moving in this stuff is going to be slow.
An Orb Guardian comes into view.
There is an escape hatch in the ceiling here.
Unknown command.
The Orb Guardian is engulfed in freezing vapours.
You block the Orb Guardian's attack. A mysterious force pulls you upwards.
The hatch slams shut behind you.
You see here a potion of brilliance.
Items here: ))) = [[[.
You hear a roar!
Items here: ) [[[.
You hear a roar!
There is a stone staircase leading up here.
You climb upwards.
There is a stone staircase leading down here.
A cacodemon and a sixfirhy come into view.
You can't go up here!
You closely miss the cacodemon. You slice the cacodemon!!
Your headbutt misses the cacodemon.
The cacodemon is moderately wounded.
You block the sixfirhy's attack.
You hit the cacodemon.
The cacodemon is moderately wounded.
You closely miss the sixfirhy.
The cacodemon is engulfed in freezing vapours.
You block the cacodemon's attack. x2
You slash the cacodemon!
The cacodemon is heavily wounded.
You closely miss the sixfirhy.
The cacodemon is engulfed in freezing vapours.
You block the cacodemon's attack. x2
You barely miss the cacodemon.
The cacodemon is heavily wounded.
You barely miss the sixfirhy.
You open the cacodemon like a pillowcase!!!
You kill the cacodemon!
Qazlal accepts your kill.
You completely miss the sixfirhy. You block the sixfirhy's attack. x2
You slice the sixfirhy!!
You kill the sixfirhy!
Qazlal accepts your kill.
No target in view!
No target in view!
There is a stone staircase leading up here.
You climb upwards.
There is a stone staircase leading down here.
You hear a horrible gurgling sound!
You open the door.
There is an open door here.
You hear a horrible gurgling sound!
You hear a horrible gurgling sound!
You hear a horrible gurgling sound! x2
You see here a +2 battleaxe of freezing.
You hear a horrible gurgling sound!
You hear a horrible gurgling sound!
There is an open door here.
You see here 3 large rocks.
A sun demon comes into view.
You can't go up here!
You block the sun demon's attack.
You slash the sun demon! You headbutt the sun demon!!
The sun demon is severely wounded.
You block the sun demon's attack.
You slash the sun demon!
The sun demon is almost dead.
You block the sun demon's attack.
You slice the sun demon like a ripe choko!!!
You kill the sun demon!
Qazlal accepts your kill.
(D) Dungeon (T) Temple (L) Lair (S) Swamp (N) Spider Nest (M) Slime Pits (O) Orcish Mines (E) Elven Halls (V) Vaults (C) Crypt (W) Tomb (U) Depths (H) Hell (Z) Zot
Where to? (Enter - Depths:1 @ (x,y), ? - help)
There is an open door, spattered with blood here.
There is a fountain of clear blue water here.
There is a staircase back to the Dungeon here.
You climb upwards.
Welcome back to the Dungeon!
There is a staircase to the Depths here.
There is an open door, spattered with blood here.
You see here a +0 halberd.
You see here a +0 whip.
There is an open door here.
Things that are here:
a +0 robe; a +3 dagger of freezing
There is a stone staircase leading up here.
You climb upwards.
There is a stone staircase leading down here.
You see here a +0 shortbow.
A green death comes into view.
You rampage towards the green death!
You slice the green death!! You headbutt the green death!
The green death is heavily wounded.
You hit the green death but do no damage.
The green death is heavily wounded.
You block the green death's attack.
You closely miss the green death. You headbutt the green death!
The green death is severely wounded.
You block the green death's attack.
You slash the green death! You headbutt the green death.
The green death is almost dead.
You slice the green death!!
You kill the green death!
Qazlal accepts your kill.
No target in view!
(D) Dungeon (T) Temple (L) Lair (S) Swamp (N) Spider Nest (M) Slime Pits (O) Orcish Mines (E) Elven Halls (V) Vaults (C) Crypt (W) Tomb (U) Depths (H) Hell (Z) Zot
Where to? (Enter - D:14 @ (x,y), ? - help) HP restored.
There is a stone staircase leading up here.
You climb upwards.
There is a stone staircase leading down here.
You open the door.
There is an open door here.
There is an escape hatch in the ceiling here.
A mysterious force pulls you upwards. The hatch slams shut behind you.
There is a stone staircase leading up here.
You climb upwards.
Level annotation: 3 runed translucent doors
There is a stone staircase leading down here.
There is an open door here.
There is an open door here.
There is a stone staircase leading up here.
You climb upwards.
There is a stone staircase leading down here.
There is a stone staircase leading up here.
You climb upwards.
There is a stone staircase leading down here.
A neqoxec comes into view.
You throw a silver boomerang.
The silver boomerang hits the neqoxec!!!
The silver sears the neqoxec!
You kill the neqoxec!
Qazlal accepts your kill.
(D) Dungeon (T) Temple (L) Lair (S) Swamp (N) Spider Nest (M) Slime Pits (O) Orcish Mines (E) Elven Halls (V) Vaults (C) Crypt (W) Tomb (U) Depths (H) Hell (Z) Zot
Where to? (Enter - D:9 @ (x,y), ? - help)
Okay, then.
You can't go up here!
Unknown command.
(D) Dungeon (T) Temple (L) Lair (S) Swamp (N) Spider Nest (M) Slime Pits (O) Orcish Mines (E) Elven Halls (V) Vaults (C) Crypt (W) Tomb (U) Depths (H) Hell (Z) Zot
Where to? (Enter - D:9 @ (x,y), ? - help)
A tormentor comes into view.
You can't go up here!
Throw: 5 boomerangs (silver)
Press: ? - help, Q - select action, (/) - cycle Shift-Dir - straight line, f - tormentor
Aim: a tormentor (75% to hit)
You throw a silver boomerang.
The silver boomerang hits the tormentor!!!
You kill the tormentor!
Qazlal accepts your kill.
Your life force feels restored.
You see here a +0 flail.
There is a stone staircase leading up here.
You climb upwards.
There is a stone staircase leading down, spattered with blood here.
An Orb Guardian comes into view.
You can't go up here!
You closely miss the Orb Guardian. Your headbutt misses the Orb Guardian.
You open the Orb Guardian like a pillowcase!!!
The Orb Guardian is heavily wounded.
You block the Orb Guardian's attack.
You hit the Orb Guardian. You headbutt the Orb Guardian.
The Orb Guardian is heavily wounded.
You block the Orb Guardian's attack.
You hit the Orb Guardian but do no damage.
You headbutt the Orb Guardian, but do no damage.
The Orb Guardian is heavily wounded.
You block the Orb Guardian's attack.
You slice the Orb Guardian!!
You kill the Orb Guardian!
Qazlal accepts your kill.
You feel your strength returning.
No target in view!
You see here a +0 mace.
There is a stone staircase leading up here.
You climb upwards.
There is a stone staircase leading down here.
An Orb Guardian comes into view.
You can't go up here!
You feel yourself speed up.
A smoke demon comes into view.
Things that are here:
a +0 chain mail; a +0 quarterstaff; a +0 sling
There is a stone staircase leading up, spattered with blood here.
You climb upwards.
There is a stone staircase leading down here.
You hear a shout!
There is an open door here.
There is a stone staircase leading up here.
You climb upwards.
There is a stone staircase leading down here.
Your extra speed is starting to run out.
You feel yourself slow down.
There is an escape hatch in the ceiling here.
A mysterious force pulls you upwards. The hatch slams shut behind you.
You feel yourself speed up.
There is a stone staircase leading up here.
You climb upwards.
There is a stone staircase leading down here.
There is a stone staircase leading up, spattered with blood here.
You climb upwards.
Level annotation: 1 runed translucent door, Crazy Yiuf
There is a stone staircase leading down, spattered with blood here.
Your extra speed is starting to run out.
There is a stone staircase leading up here.
You climb upwards.
There is a stone staircase leading down here.
You feel as though your hastened speed will last longer.
A Beirph and 2 chaos spawn come into view.
The chaos spawn roars!
The chaos spawn moves out of view.
Aiming: Dig
Press: ? - help, Shift-Dir - straight line, f - you Please select a direction to dig.
This square is covered in magical glow.
The rock shatters into small pieces.
Unknown command.
You hear a trumpeting!
You hear a screech!
There is a staircase leading out of the dungeon here.
You can't go down here!
You have escaped!

#....###.........#### ##.........
......#.............###.......[..
......#.##.....####.##...........
........###.#### #.##...........
........###.# #.##...^.......
.........##.# #.........##..#
###.......#.# ########......#...
###..##...######8######......#...
.....[...###..○.@....###......)..
###..#####...°..§○.....##........
.....####........☼......##.......
......##....○............##......
......##..°...####.......##.####.
.....##§§§§§### ###....§.##.###.
.....##§§§§## ##.....##.....
....###§§§## ##..§§####...
....###...# #§§§§## ##..


There were no monsters in sight!

Vanquished Creatures
  the Royal Jelly (Slime:5)
  Tiamat (Zot:3)
  An ancient lich (Vaults:5)
  6 orbs of fire
  7 dread liches
  Mennas (Vaults:3)
  3 juggernauts
  Vv (Zot:3)
  Josephina (Depths:4)
  Sojobo (Vaults:5)
  7 Killer Klowns
  Frederick (Depths:4)
  4 caustic shrikes
  A pandemonium lord (Zot:4)
  2 curse toes (Zot:4)
  14 golden dragons
  Nikola (Spider:4)
  Arachne (Spider:2)
  3 bone dragons
  An iron giant (Zot:1)
  4 electric golems
  3 hellephants (Depths:4)
  25 Orb Guardians
  23 tentacled monstrosities
  Asterion (Vaults:1)
  Jorgrun (D:12)
  6 titans
  4 liches
  26 acid blobs
  4 quicksilver dragons
  2 deep elf blademasters (Elf:2)
  9 death cobs
  A tentacled starspawn (Abyss:2)
  3 thorn hunters
  A deep elf master archer (Elf:3)
  3 ancient champions
  11 sphinxes
  6 tengu reavers
  Kirke (Swamp:1)
  13 storm dragons
  14 shadow dragons
  9 draconian knights
  15 rockslimes
  15 azure jellies
  8 draconian monks
  5 revenants
  14 deep elf sorcerers
  7 fire giants
  A cacodemon (Depths:2)
  4 draconian scorchers
  20 vault wardens
  8 frost giants
  3 deep elf elementalists (Elf:3)
  3 draconian shifters
  4 emperor scorpions
  10 ghost moths
  4 angels (Zot:1)
  3 broodmothers
  A reaper (Crypt:2)
  2 curse skulls
  7 war gargoyles
  5 draconian annihilators
  3 ghouls
  13 ironbound preservers
  3 spriggan defenders (Depths:3)
  4 draconian stormcallers
  A quicksilver ooze (shapeshifter) (Depths:2)
  30 very ugly things
  12 quicksilver oozes
  5 ironbound thunderhulks
  10 stone giants
  5 vampire knights
  6 deep elf annihilators
  5 eleionomae
  4 deep elf demonologists
  8 yellow draconians
  11 black draconians
  12 green draconians
  5 dire elephants
  2 bunyips
  13 purple draconians
  10 white draconians
  2 green deaths
  15 red draconians
  10 spark wasps
  An ettin (shapeshifter) (Vaults:5)
  2 crystal guardians
  7 eidola
  8 entropy weavers
  6 fire dragons
  9 ettins
  7 deep elf death magi
  3 deep elf high priests
  10 jiangshi
  2 shambling mangroves (Swamp:3)
  15 yaktaur captains
  Harold (Lair:1)
  10 ice dragons
  21 hydras
  9 great orbs of eyes
  3 ogre magi
  47 vault guards
  3 ghost crabs
  2 quicksilver dragon skeletons
  An anaconda (shapeshifter) (Vaults:5)
  4 peacekeepers
  5 catoblepae
  2 hell beasts
  4 spriggan skeletons
  2 spriggan air magi
  9 boulder beetles
  7 ironbound frosthearts
  8 alligators
  24 centaur warriors
  A fenstrider witch skeleton (Crypt:2)
  A death knight (Abyss:2)
  3 jorogumos
  6 radroaches
  13 two-headed ogres
  10 death yaks
  29 dancing weapons
  2 tengu warriors
  2 deep troll shamans
  8 hell hogs (Depths:4)
  8 spriggan berserkers
  11 vampire magi
  An orc high priest (Orc:1)
  7 deep troll earth magi
  17 deep elf knights
  3 soul eaters
  3 hell knights
  3 sun demons
  A wretched star (Abyss:2)
  Sonja (Lair:5)
  A titan skeleton (Depths:3)
  6 pharaoh ants
  4 iron trolls
  3 shadow wraiths
  A sixfirhy (Depths:2)
  22 skeletal warriors
  3 spriggan druids
  A storm dragon skeleton (Crypt:3)
  34 deep trolls
  20 orb spiders
  A spriggan rider (Depths:3)
  2 sun moths
  16 ironbound convokers
  6 steelbarb worms
  A bunyip skeleton (Crypt:3)
  3 glowing orange brains
  5 bog bodies
  3 goliath frogs (Swamp:2)
  8 flayed ghosts
  11 wizards
  An anaconda skeleton (Crypt:1)
  A shadow dragon zombie (Crypt:2)
  2 orange crystal statues
  Pikel (D:6)
  16 deep elf archers
  12 swamp dragons
  20 wolf spiders
  2 orc knights
  A wolf spider (shapeshifter) (Vaults:5)
  A wolf spider zombie (D:15)
  35 deep elf pyromancers
  A broodmother zombie (Crypt:1)
  22 phantasmal warriors
  10 necromancers
  18 lindwurms
  4 orc sorcerers
  25 deep elf zephyrmancers
  4 harpies (Vaults:1)
  2 shining eyes
  A manticore (D:12)
  2 will-o-the-wisps
  A mana viper (shapeshifter) (Vaults:5)
  A shadow dragon skeleton (Depths:3)
  25 ugly things
  7 cyclopes
  2 fire giant zombies
  3 rust devils (Depths:2)
  18 elephants
  A stone giant skeleton (Abyss:2)
  Joseph (D:7)
  10 fire giant skeletons
  17 vault sentinels
  Maurice (Orc:2)
  12 cane toads
  2 iron dragon skeletons
  18 moths of wrath
  An eye of devastation (Slime:2)
  2 molten gargoyles (Lair:3)
  6 black mambas
  2 naga magi (D:15)
  A titan simulacrum (Depths:4)
  A hellion (Abyss:2)
  A storm dragon simulacrum (Depths:4)
  A centaur skeleton (D:15)
  6 torpor snails
  4 gargoyles (Crypt:3)
  A catoblepas zombie (Crypt:2)
  5 rime drakes
  A yaktaur zombie (Vaults:2)
  5 unseen horrors
  2 efreet
  6 komodo dragons
  34 yaktaurs
  5 demonic crawlers
  3 freezing wraiths
  A hellwing (Depths:2)
  2 tengu conjurers (Depths:3)
  2 tormentors
  An ancient zyme (Abyss:2)
  3 ice devils
  3 guardian mummies (Crypt:3)
  15 trolls
  A harpy zombie (Crypt:1)
  A wolf spider simulacrum (D:14)
  A burning bush (Lair:5)
  A queen bee (shapeshifter) (D:9)
  2 tengu simulacra (Depths:4)
  7 tyrant leeches
  4 meliai
  5 polar bears
  A hornet (shapeshifter) (Elf:1)
  2 harpy skeletons (Crypt:3)
  A culicivora zombie (Crypt:2)
  68 slime creatures
  6 small abominations
  5 blink frogs
  22 tarantellas
  15 hornets
  A human simulacrum (Vaults:2)
  9 dream sheep
  A hydra skeleton (Crypt:3)
  5 air elementals
  32 jumping spiders
  6 flying skulls (Crypt:1)
  18 culicivoras
  9 spriggans
  7 shadows
  4 centaur simulacra
  A black mamba zombie (Crypt:1)
  7 fire dragon skeletons (Crypt:3)
  An ice dragon skeleton (Crypt:1)
  8 wraiths
  A vampire (D:9)
  54 yaks
  A slime creature zombie (Crypt:1)
  6 water elementals
  4 ynoxinuls
  A culicivora (shapeshifter) (Vaults:5)
  6 wyverns
  7 basilisks
  2 neqoxecs
  6 fire elementals
  7 hogs (Swamp:1)
  A human (shapeshifter) (Elf:1)
  A black mamba skeleton (Crypt:1)
  2 golden eyes (Slime:4)
  A hog (shapeshifter) (D:15)
  7 chaos spawn
  A steam dragon (D:6)
  55 redbacks
  5 vampire mosquitoes (Spider:2)
  2 wargs
  3 acid dragons
  15 swamp worms
  5 large abominations
  Duvessa (D:7)
  7 hell hounds
  14 water moccasins
  A merfolk skeleton (Crypt:2)
  21 orc warriors
  9 swamp drakes
  2 black bears
  2 ettin simulacra (Crypt:1)
  A meliai simulacrum (D:14)
  3 ice beasts (D:14)
  26 ogres
  3 boggarts (Vaults:1)
  A snapping turtle skeleton (Crypt:2)
  10 wolves
  5 centaurs
  A rime drake zombie (Crypt:2)
  A hog zombie (Crypt:1)
  3 earth elementals
  11 bullfrogs
  A gnoll sergeant (D:9)
  9 scorpions
  A human skeleton (Vaults:2)
  A glowing shapeshifter simulacrum (Depths:4)
  A salamander skeleton (Crypt:2)
  3 necrophages
  8 wights
  Dowan (D:7)
  22 killer bees
  2 polar bear skeletons (Crypt:1)
  7 howler monkeys
  6 electric eels
  5 lava snakes (Lair:3)
  A human zombie (Crypt:1)
  15 orc priests
  2 gnoll boudas
  8 jellies
  Terence (D:2)
  3 iguanas
  24 orc wizards
  An acid dragon zombie (Crypt:1)
  2 naga skeletons
  5 mummies (Crypt:3)
  Robin (D:2)
  19 gnolls
  3 adders
  A shadow imp (D:4)
  3 white imps (D:14)
  3 ufetubi
  An adder skeleton (Crypt:2)
  6 worms
  3 dart slugs
  74 orcs
  9 ball pythons
  9 endoplasms
  5 giant cockroaches
  11 goblins
  11 hobgoblins
  6 kobolds
  2 quokkas
  7 bats
  7 frilled lizards
  4 rats
  3 butterflies
2366 creatures vanquished.

Vanquished Creatures (collateral kills)
  Margery (Vaults:4)
  An ironbound thunderhulk (Vaults:4)
  An ironbound frostheart (Vaults:3)
  Erica (D:7)
  3 hell knights (Vaults:4)
  A yaktaur (Vaults:4)
8 creatures vanquished.

Vanquished Creatures (others)
  An ancient lich (Vaults:5)
  A golden dragon (Zot:1)
  A draconian knight (Zot:3)
  An ironbound preserver (Vaults:1)
  A vampire knight (Depths:4)
  A deep elf annihilator (Elf:2)
  2 hydras (Swamp:4)
  An ogre mage (Orc:2)
  A deep troll earth mage (Vaults:5)
  2 deep elf knights
  4 goliath frogs
  A steelbarb worm (Spider:4)
  A wizard (Depths:3)
  2 deep elf zephyrmancers (Elf:2)
  A centaur skeleton (D:15)
  2 bloated husks (Swamp:2)
  2 hornets (Swamp:3)
  A slime creature (Slime:5)
  A tarantella (Spider:4)
  A culicivora (Spider:4)
  A jumping spider (Spider:2)
  A spriggan (Swamp:3)
  A water elemental (Elf:1)
  3 redbacks
  A swamp worm (Swamp:2)
  A swamp drake (Swamp:4)
  An orc wizard (D:10)
  2 briar patches (Swamp:4)
  4 foxfires (Swamp:1)
  42 fungi
  4 pillars of salt (Zot:1)
  56 plants
  29 withered plants (Crypt:3)
174 creatures vanquished.

Grand Total: 2548 creatures vanquished

Notes
Turn   | Place    | Note
-------+----------+-------------------------------------------
     0 | D:1      | sleeves the Minotaur Reaver began the quest for the Orb.
     0 | D:1      | Reached XP level 1. HP: 18/18 MP: 1/1
    85 | D:1      | Reached skill level 4 in Axes
   206 | D:1      | Reached XP level 2. HP: 23/25 MP: 3/3
   505 | D:2      | Noticed Terence
   684 | D:2      | Reached skill level 5 in Axes
   704 | D:2      | Reached XP level 3. HP: 17/30 MP: 4/4
   705 | D:2      | HP: 15/30 [poisoned by an adder]
   885 | D:2      | Found a runed translucent door.
   886 | D:2      | Noticed Crazy Yiuf
   927 | D:2      | Noticed Robin
   945 | D:1      | HP: 15/30 [goblin/+0 club (4)]
   954 | D:1      | HP: 14/30 [goblin/+0 club (3)]
  1406 | D:2      | Found a faded altar of an unknown god.
  1435 | D:2      | HP: 13/30 [Terence/+0 trident (4)]
  1608 | D:2      | Killed Robin
  1609 | D:2      | Reached skill level 6 in Axes
  1609 | D:2      | Reached XP level 4. HP: 35/37 MP: 5/5
  1623 | D:2      | Killed Terence
  1957 | D:2      | Reached skill level 1 in Armour
  1957 | D:2      | HP: 8/37 [orc priest/divine providence (13)]
  1959 | D:2      | Reached XP level 5. HP: 10/42 MP: 6/6
  2101 | D:3      | Found Zun Atasch's Assorted Antiques.
  2120 | D:3      | Reached skill level 2 in Armour
  2126 | D:3      | Reached skill level 7 in Axes
  2877 | D:4      | Reached skill level 3 in Armour
  2919 | D:4      | Reached XP level 6. HP: 50/50 MP: 7/7
  3069 | D:4      | Reached skill level 4 in Armour
  3096 | D:4      | HP: 20/50 [orc priest/divine providence (8)]
  3246 | D:4      | Reached skill level 8 in Axes
  3602 | D:4      | Reached skill level 5 in Armour
  3602 | D:4      | Reached XP level 7. HP: 47/56 MP: 8/8
  3730 | D:5      | Entered Level 5 of the Dungeon
  3745 | D:5      | Found Paloeg's Antique Armour Shop.
  3779 | D:5      | HP: 25/56 [acid (7)]
  4092 | D:5      | HP: 25/56 [scorpion (5)]
  4097 | D:5      | HP: 12/56 [scorpion (3)]
  4366 | D:5      | Reached skill level 9 in Axes
  4366 | D:5      | Reached skill level 6 in Armour
  4468 | D:5      | HP: 25/56 [ogre/+0 giant club (7)]
  4676 | D:5      | HP: 26/56 [ogre/+0 giant club (15)]
  5170 | D:6      | Noticed a steam dragon
  5180 | D:6      | Killed a steam dragon
  5181 | D:6      | Reached skill level 7 in Armour
  5181 | D:6      | Reached XP level 8. HP: 35/62 MP: 9/9
  5290 | D:6      | Found a staircase to the Ecumenical Temple.
  5290 | D:6      | Noticed Pikel
  5326 | D:6      | Killed Pikel
  5327 | D:6      | Reached skill level 10 in Axes
  5327 | D:6      | Reached skill level 8 in Armour
  5354 | Temple   | Entered the Ecumenical Temple
  5406 | Temple   | Became a worshipper of Qazlal Stormbringer
  5895 | D:6      | Reached skill level 1 in Invocations
  6287 | D:7      | Noticed Joseph
  6305 | D:7      | Reached skill level 3 in Dodging
  6316 | D:7      | HP: 31/62 [Joseph/sling bullet (7)]
  6609 | D:7      | Reached XP level 9. HP: 56/68 MP: 10/10
  6652 | D:7      | Found Qinkus's Antique Weapon Shop.
  6656 | D:7      | Reached skill level 1 in Throwing
  6689 | D:7      | Found Kiesewips's Magic Scroll Shop.
  6727 | D:7      | Reached skill level 11 in Axes
  6727 | D:7      | Reached skill level 2 in Invocations
  6880 | D:7      | Reached * piety under Qazlal
  6883 | D:7      | Reached skill level 9 in Armour
  6883 | D:7      | HP: 34/68 [poisoned by a killer bee]
  7062 | D:7      | Reached skill level 2 in Throwing
  7129 | D:7      | HP: 30/68 [water moccasin (6)]
  7134 | D:7      | HP: 16/68 [poisoned by a water moccasin]
  7135 | D:7      | Reached skill level 4 in Dodging
  7139 | D:7      | HP: 7/68 [poisoned by a water moccasin]
  7392 | D:7      | Found a white marble altar of Elyvilon.
  7392 | D:7      | Found a radiant altar of Vehumet.
  7407 | D:7      | Found a burning altar of Makhleb.
  7410 | D:7      | Found an ornate altar of the Wu Jian Council.
  7416 | D:7      | Found a broken altar of Ashenzari.
  7426 | D:7      | Reached skill level 3 in Invocations
  7426 | D:7      | HP: 32/68 [poisoned by a killer bee]
  7431 | D:7      | HP: 25/68 [poisoned by a killer bee]
  7589 | D:7      | Found an iron altar of Okawaru.
  7773 | D:7      | Noticed Duvessa
  7774 | D:7      | Noticed Dowan
  7800 | D:7      | Killed Duvessa
  7804 | D:7      | Reached skill level 3 in Throwing
  7809 | D:7      | Killed Dowan
  7987 | D:7      | HP: 34/68 [yak (7)]
  7990 | D:7      | Reached skill level 5 in Dodging
  8131 | D:7      | HP: 24/68 [Joseph/+0 quarterstaff (13)]
  8132 | D:7      | Killed Joseph
  8133 | D:7      | Reached skill level 4 in Invocations
  8133 | D:7      | Reached XP level 10. HP: 27/74 MP: 10/12
  8304 | D:8      | Found a sparkling altar of Nemelex Xobeh.
  8368 | D:7      | Reached skill level 1 in Shields
  8384 | D:8      | Found a hide-covered altar of Uskayaw.
  8402 | D:8      | Reached skill level 4 in Throwing
  8406 | D:8      | Reached skill level 10 in Armour
  8410 | D:8      | HP: 35/74 [orc priest/divine providence (12)]
  8411 | D:8      | Reached skill level 12 in Axes
  8411 | D:8      | Reached skill level 2 in Shields
  8415 | D:8      | HP: 15/74 [orc priest/divine providence (11)]
  8648 | D:8      | Identified the +12 falchion "Ogerozxu" {freeze, rElec Will-
                  | Int+6}
  8744 | D:8      | HP: 36/74 [killer bee (3)]
  8749 | D:8      | HP: 18/74 [poisoned by a killer bee]
  8966 | D:8      | Noticed Erica
  9123 | D:7      | Reached ** piety under Qazlal
  9124 | D:7      | Reached skill level 3 in Shields
  9226 | D:8      | Reached skill level 5 in Invocations
  9605 | D:7      | HP: 32/74 [Erica/bolt of poison (35)]
  9610 | D:7      | Killed Erica
  9611 | D:7      | Reached skill level 5 in Throwing
  9611 | D:7      | HP: 37/74 [poisoned by Erica (bolt of poison)]
  9834 | D:8      | Found Gecilli's Book Emporium.
 10314 | D:9      | Reached skill level 4 in Shields
 10350 | D:9      | Noticed a two-headed ogre
 10520 | D:9      | Killed a two-headed ogre
 10770 | D:9      | Reached XP level 11. HP: 79/80 MP: 14/14
 10894 | D:9      | Reached skill level 11 in Armour
 10894 | D:9      | HP: 39/80 [yak (8)]
 10900 | D:9      | Reached skill level 6 in Invocations
 11073 | D:9      | Reached skill level 5 in Shields
 11336 | D:9      | Noticed a two-headed ogre
 11415 | D:9      | HP: 33/80 [two-headed ogre/+0 giant club (19)]
 11416 | D:9      | Killed a two-headed ogre
 11644 | D:9      | Reached skill level 6 in Throwing
 11734 | D:9      | HP: 39/80 [something (6)]
 12079 | D:9      | Noticed a brown ugly thing
 12079 | D:9      | Noticed a two-headed ogre
 12177 | D:9      | Killed a brown ugly thing
 12178 | D:9      | Reached skill level 13 in Axes
 12361 | D:10     | Entered Level 10 of the Dungeon
 12361 | D:10     | Noticed a two-headed ogre
 12389 | D:10     | Found a bloodstained altar of Trog.
 12389 | D:10     | Found a snail-covered altar of Cheibriados.
 12458 | D:10     | Killed a two-headed ogre
 12505 | D:10     | Reached *** piety under Qazlal
 12520 | D:10     | Reached skill level 6 in Shields
 12663 | D:10     | Found a glowing silver altar of Zin.
 12734 | D:10     | Found a staircase to the Orcish Mines.
 13024 | D:11     | Noticed a red ugly thing
 13250 | D:5      | Bought a bloodstained plate armour for 560 gold pieces
 13250 | D:5      | Identified the +8 plate armour of Iroen {-Cast rPois Str+7
                  | Dex-3} (You bought it in a shop on level 5 of the Dungeon)
 13480 | D:10     | HP: 37/80 [red ugly thing (10)]
 13480 | D:10     | HP: 14/80 [red ugly thing (23)]
 13482 | D:10     | Killed a red ugly thing
 14105 | D:11     | Found a staircase to the Lair.
 14132 | D:11     | Reached skill level 7 in Invocations
 14303 | D:11     | Noticed a boulder beetle
 14318 | D:11     | Found a runed translucent gate.
 14318 | D:11     | Found a runed translucent gate.
 14318 | D:11     | Found a runed translucent gate.
 14318 | D:11     | Noticed a glowing orange brain
 14318 | D:11     | Noticed a green ugly thing
 14318 | D:11     | Noticed an orb spider
 14318 | D:11     | an orb spider changed into a cyclops
 14321 | D:11     | a cyclops changed into an orb spider
 14321 | D:11     | Noticed an orb spider (glowing shapeshifter)
 14417 | D:11     | HP: 40/80 [boulder beetle (40)]
 14423 | D:11     | Killed a boulder beetle
 14676 | D:11     | Noticed a red ugly thing
 14678 | D:11     | Noticed a brown ugly thing
 14781 | D:12     | Found a portal to a secret trove of treasure.
 14782 | D:12     | Noticed a deep elf pyromancer
 14798 | D:12     | Killed a deep elf pyromancer
 14799 | D:12     | Reached skill level 12 in Armour
 14813 | D:12     | Reached skill level 7 in Throwing
 14975 | D:12     | Reached skill level 7 in Shields
 15042 | D:12     | Noticed a boulder beetle
 15062 | D:12     | Killed a boulder beetle
 15063 | D:12     | Reached XP level 12. HP: 57/88 MP: 16/16
 15166 | D:12     | Noticed Jorgrun
 15248 | Lair:1   | Entered Level 1 of the Lair of Beasts
 15739 | Lair:1   | Noticed Harold
 15805 | Lair:1   | Killed Harold
 15812 | Lair:1   | Reached skill level 14 in Axes
 15868 | Lair:1   | Reached skill level 8 in Invocations
 15871 | Lair:1   | Reached skill level 8 in Shields
 16253 | Lair:2   | Noticed a death yak
 16274 | Lair:2   | Noticed a death yak
 16276 | Lair:2   | Noticed a death yak
 16278 | Lair:2   | Noticed a death yak
 16286 | Lair:1   | Killed a death yak
 16411 | Lair:2   | Noticed a death yak
 16419 | Lair:1   | Killed a death yak
 16420 | Lair:1   | Reached skill level 8 in Throwing
 16469 | Lair:2   | Noticed a death yak
 16470 | Lair:2   | Killed a death yak
 16486 | Lair:1   | Killed a death yak
 16486 | Lair:1   | Reached **** piety under Qazlal
 16626 | Lair:1   | Killed a death yak
 16627 | Lair:1   | Reached skill level 13 in Armour
 16663 | Lair:2   | Found a sparkling altar of Nemelex Xobeh.
 16932 | Lair:2   | Killed a death yak
 17424 | Lair:3   | HP: 40/88 [molten gargoyle/bolt of magma (25)]
 17669 | Lair:3   | Noticed a six-headed hydra
 17699 | Lair:3   | Reached skill level 15 in Axes
 17788 | Lair:3   | HP: 44/88 [three-headed hydra (2)]
 17791 | Lair:3   | Killed a one-headed hydra
 17792 | Lair:3   | Reached XP level 13. HP: 45/93 MP: 18/18
 18210 | Lair:3   | HP: 46/93 [wyvern (6)]
 18215 | Lair:3   | HP: 39/93 [poisoned by a black mamba]
 18220 | Lair:3   | HP: 35/93 [poisoned by a black mamba]
 18313 | Lair:3   | Reached skill level 16 in Axes
 18624 | Lair:3   | Found a staircase to the Swamp.
 18792 | Lair:3   | Reached skill level 17 in Axes
 18917 | Lair:3   | Reached ***** piety under Qazlal
 18970 | Lair:3   | HP: 46/93 [yak (3)]
 19371 | Lair:3   | Found a hole to the Spider Nest.
 19453 | Lair:3   | Identified a scroll of acquirement
 19454 | Lair:3   | Acquired a manual of Armour
 19575 | Lair:4   | Reached skill level 18 in Axes
 19698 | Lair:4   | Reached skill level 9 in Shields
 19714 | Lair:4   | Reached skill level 3 in Fighting
 19982 | Lair:4   | Found a staircase to the Slime Pits.
 20122 | Lair:4   | Reached skill level 9 in Invocations
 20189 | Lair:4   | Found a frozen archway.
 20208 | Lair:4   | HP: 35/96 [ice devil (18)]
 20780 | Lair:4   | Reached skill level 4 in Fighting
 21047 | Lair:4   | Identified the +5 scimitar of World's End {freeze, Stlth+}
 21191 | Lair:5   | Entered Level 5 of the Lair of Beasts
 21226 | Lair:5   | Reached skill level 14 in Armour
 21227 | Lair:5   | Reached skill level 9 in Throwing
 21234 | Lair:5   | Reached XP level 14. HP: 85/105 MP: 19/19
 21317 | Lair:5   | Noticed Sonja
 21327 | Lair:5   | Killed Sonja
 21417 | Lair:5   | Reached skill level 5 in Fighting
 21433 | Lair:5   | HP: 51/107 [something/blast of calcifying dust (5)]
 21679 | Lair:5   | Reached skill level 10 in Shields
 22010 | Lair:5   | Reached ****** piety under Qazlal
 22066 | Lair:5   | Reached skill level 6 in Fighting
 22066 | Lair:5   | Reached skill level 15 in Armour
 22547 | Lair:5   | Reached skill level 10 in Invocations
 23388 | Orc:1    | Entered Level 1 of the Orcish Mines
 23528 | Orc:1    | Reached skill level 10 in Throwing
 23620 | Orc:1    | Reached skill level 7 in Fighting
 23959 | Orc:1    | Found a dark tunnel.
 23977 | Orc:1    | Reached skill level 11 in Shields
 23987 | Volcano  | Entered a volcano
 24350 | Orc:2    | Entered Level 2 of the Orcish Mines
 24375 | Orc:2    | Reached skill level 16 in Armour
 24617 | Orc:2    | Reached XP level 15. HP: 121/121 MP: 9/21
 24628 | Orc:2    | Reached skill level 8 in Fighting
 24777 | Orc:2    | Found a staircase to the Elven Halls.
 24828 | Orc:2    | Found Ichewk's Magic Scroll Shop.
 24845 | Orc:2    | Noticed Maurice
 24847 | Orc:2    | Found Puesm's Antique Weapon Boutique.
 24848 | Orc:2    | Found Oble's Armour Shoppe.
 24861 | Orc:2    | Found Nukhison's Assorted Antiques.
 24870 | Orc:2    | Killed Maurice
 25021 | Orc:2    | Found Redgh's Armour Shop.
 25605 | D:7      | Bought a scroll of enchant weapon for 90 gold pieces
 25689 | D:5      | Bought a pair of crude gloves for 190 gold pieces
 25689 | D:5      | Identified the +2 pair of gloves "Cyutook" {*Corrode Regen+
                  | Str+5 Dex+9} (You bought it in a shop on level 5 of the
                  | Dungeon)
 26265 | D:12     | Killed Jorgrun
 26735 | D:13     | Reached skill level 11 in Invocations
 26788 | D:13     | Reached skill level 12 in Shields
 26805 | D:13     | Reached skill level 17 in Armour
 27407 | D:14     | Reached skill level 11 in Throwing
 27421 | D:14     | Reached skill level 9 in Fighting
 27437 | D:14     | Found a gate to the Vaults.
 27955 | D:15     | Entered Level 15 of the Dungeon
 28096 | D:15     | HP: 60/126 [skeletal warrior/+1 dire flail of venom (12)]
 28221 | D:15     | Reached skill level 18 in Armour
 28450 | D:15     | Got Giggevuz's Secrets of Lithic Air
 28613 | D:15     | Reached XP level 16. HP: 132/134 MP: 23/23
 28613 | D:15     | Found a staircase to the Depths.
 28623 | D:15     | Reached skill level 10 in Fighting
 28947 | D:15     | CougarLife: sheesh
 28947 | D:15     | CougarLife: 35 str got dam
 28947 | D:15     | sleeves: i found some things
 28947 | D:15     | CougarLife: i can tell
 28947 | D:15     | CougarLife: what was that blade?
 28947 | D:15     | sleeves: the autumn blade
 28947 | D:15     | CougarLife: are you sure
 28947 | D:15     | sleeves: got remade apparently
 28947 | D:15     | CougarLife: that .30 doesnt have more unrandarts
 28947 | D:15     | sleeves: im pretty sure
 28947 | D:15     | CougarLife: idk i swear were seeing more
 28947 | D:15     | sleeves: my last game had nothing in it
 28947 | D:15     | CougarLife: mmm ok
 29162 | Spider:1 | Entered Level 1 of the Spider Nest
 29185 | Spider:1 | Reached skill level 13 in Shields
 29195 | Spider:1 | CougarLife: LMAO
 29199 | Spider:1 | CougarLife: youve taken 0 damage
 29201 | Spider:1 | CougarLife: literally 0
 29327 | Spider:1 | Reached skill level 12 in Invocations
 29328 | Spider:1 | sleeves: no sir
 29735 | Spider:1 | Reached skill level 12 in Throwing
 30614 | Spider:2 | Reached skill level 19 in Armour
 30716 | Spider:2 | Noticed Arachne
 30735 | Spider:2 | Killed Arachne
 30736 | Spider:2 | Reached skill level 11 in Fighting
 31514 | Spider:3 | Reached skill level 14 in Shields
 31766 | Spider:3 | HP: 68/138 [spark wasp (14)]
 32134 | Spider:3 | Reached XP level 17. HP: 125/146 MP: 0/25
 32153 | Spider:3 | Reached skill level 20 in Armour
 32459 | Spider:3 | Identified the +4 ring mail "Durr" {rN+ Regen+ rCorr Dex-5}
 32902 | Spider:4 | Entered Level 4 of the Spider Nest
 32927 | Spider:4 | Reached skill level 12 in Fighting
 32936 | Spider:4 | Reached skill level 13 in Invocations
 33085 | Spider:4 | Reached skill level 13 in Throwing
 33433 | Spider:4 | Noticed Nikola
 33446 | Spider:4 | Reached skill level 6 in Dodging
 33454 | Spider:4 | Killed Nikola
 33779 | Spider:4 | Reached skill level 15 in Shields
 33830 | Spider:4 | Reached skill level 7 in Dodging
 34048 | Spider:4 | Got a gossamer rune of Zot
 34509 | Swamp:1  | Entered Level 1 of the Swamp
 34550 | Swamp:1  | Reached skill level 13 in Fighting
 34641 | Swamp:1  | Noticed Kirke
 34653 | Swamp:1  | Killed Kirke
 35331 | Swamp:1  | Found a runed translucent door.
 35332 | Swamp:1  | Identified the +5 spear "Ucahei" {holy, Stlth+}
 35333 | Swamp:1  | Noticed sirJeffrey23's ghost (adept DsFi)
 35614 | Swamp:2  | Reached skill level 8 in Dodging
 35818 | Swamp:2  | HP: 74/150 [acid[a spriggan druid] (6)]
 35828 | Swamp:2  | Reached skill level 14 in Invocations
 36161 | Swamp:3  | Reached XP level 18. HP: 122/158 MP: 27/27
 36166 | Swamp:3  | Reached skill level 14 in Throwing
 36746 | Swamp:4  | Entered Level 4 of the Swamp
 36820 | Swamp:4  | Reached skill level 14 in Fighting
 36883 | Swamp:4  | Reached skill level 9 in Dodging
 37197 | Swamp:4  | Identified the +12 halberd "Listut" {venom, rPois rN+ Int-3
                  | SInv}
 37201 | Swamp:4  | Got a decaying rune of Zot
 37684 | Vaults:1 | Entered Level 1 of the Vaults
 37755 | Vaults:1 | HP: 78/161 [vault sentinel/+0 long sword (6)]
 37763 | Vaults:1 | Noticed Asterion
 37775 | Vaults:1 | Killed Asterion
 37787 | Vaults:1 | Found a flickering gateway to a bazaar.
 37794 | Bazaar   | Entered a bazaar
 37794 | Bazaar   | Found Huephomun's Jewellery Emporium.
 37838 | Bazaar   | Found Assoatan's Book Shop.
 37862 | Bazaar   | Found Gullurow's Magic Scroll Boutique.
 37868 | Bazaar   | Found Exze's Antique Armour Shop.
 37872 | Bazaar   | Found Vaum's Antique Armour Shop.
 37895 | Bazaar   | Bought a scroll of enchant weapon for 82 gold pieces
 37895 | Bazaar   | Bought a scroll of brand weapon for 104 gold pieces
 37895 | Bazaar   | Bought a scroll of enchant weapon for 82 gold pieces
 37895 | Bazaar   | Bought a scroll of fear for 44 gold pieces
 37895 | Bazaar   | Bought 2 scrolls of summoning for 209 gold pieces
 37908 | Bazaar   | Bought an amulet of reflection for 360 gold pieces
 38061 | Vaults:1 | Reached skill level 10 in Dodging
 38260 | Vaults:1 | Reached skill level 15 in Fighting
 38384 | Vaults:1 | Reached skill level 15 in Invocations
 38403 | Vaults:1 | Reached skill level 15 in Throwing
 38901 | Vaults:1 | Reached XP level 19. HP: 170/170 MP: 29/29
 39148 | Vaults:2 | Reached skill level 11 in Dodging
 39209 | Abyss:2  | Cast into level 2 of the Abyss (a wizard)
 39218 | Vaults:2 | Escaped the Abyss
 39227 | Vaults:2 | sleeves: lol
 39227 | Vaults:2 | sleeves: i got banished and there was an exit right there
 39433 | Vaults:2 | HP: 61/170 [war gargoyle/+0 morningstar[a peacekeeper]
                  | (41)]
 39436 | Vaults:2 | HP: 24/170 [war gargoyle/+0 morningstar[a peacekeeper]
                  | (14)]
 39571 | Vaults:2 | Identified the +2 scale mail of Weirdness {Int+4 Dex+6
                  | Stlth+}
 39910 | Vaults:2 | Reached skill level 12 in Dodging
 39957 | Vaults:2 | Reached skill level 16 in Invocations
 39965 | Vaults:2 | Reached skill level 16 in Throwing
 40168 | Vaults:2 | Got the Cyclopedia of Despicable Deeds
 41003 | Vaults:3 | Noticed Mennas
 41024 | Vaults:3 | Killed Mennas
 41316 | Vaults:3 | Reached skill level 13 in Dodging
 41555 | Vaults:3 | Found a staircase to the Crypt.
 41822 | Vaults:3 | Identified the +8 quarterstaff of Debt {chaos, Dex+4}
 42204 | Vaults:4 | Reached XP level 20. HP: 162/178 MP: 31/31
 42277 | Vaults:4 | Reached skill level 17 in Throwing
 42283 | Vaults:4 | Reached skill level 16 in Shields
 42399 | Vaults:4 | Reached skill level 14 in Dodging
 42500 | Vaults:4 | Noticed Margery
 42510 | Vaults:4 | Killed Margery
 43034 | Vaults:4 | Reached skill level 17 in Shields
 43781 | Elf:1    | Entered Level 1 of the Elven Halls
 43825 | Elf:1    | Paralysed by an air elemental for 1 turns
 43844 | Elf:1    | Reached skill level 15 in Dodging
 43893 | Elf:1    | Found an ancient bone altar of Kikubaaqudgha.
 44034 | Elf:1    | Reached skill level 18 in Throwing
 44145 | Elf:1    | Found Siuci's Weapon Shop.
 44152 | Elf:1    | Found Esoptow's Antique Weapon Boutique.
 44380 | Elf:2    | Found a shimmering altar of Xom.
 44392 | Elf:2    | Paralysed by an air elemental for 1 turns
 44395 | Elf:2    | HP: 79/178 [deep elf zephyrmancer/bolt of lightning (25)]
 44550 | Elf:2    | Reached skill level 18 in Shields
 44796 | Elf:2    | Identified the amulet of the Frog {Faith +Inv Regen+ Int+2}
 44847 | Elf:2    | Found a runed translucent gate.
 44847 | Elf:2    | Found a runed translucent gate.
 44847 | Elf:2    | Found a runed translucent gate.
 45167 | Elf:2    | Found Bettikke's Antique Armour Boutique.
 45174 | Elf:2    | Bought a pair of embroidered boots for 247 gold pieces
 45315 | Elf:2    | Reached XP level 21. HP: 114/184 MP: 32/32
 45319 | Elf:2    | Reached skill level 19 in Shields
 45765 | Elf:3    | Entered Level 3 of the Elven Halls
 45818 | Abyss:2  | Cast into level 2 of the Abyss (a deep elf sorcerer)
 45852 | Abyss:2  | Reached skill level 20 in Shields
 45987 | Abyss:2  | Found a corrupted altar of Lugonu.
 46117 | Elf:2    | Escaped the Abyss
 46322 | Elf:3    | Reached skill level 16 in Fighting
 46383 | Elf:3    | Found Bipsen's Weapon Boutique.
 46402 | Elf:3    | Acquired 1322 gold pieces
 46476 | Elf:3    | Found the +8 Wrath of Trog {antimagic, *Rage Rampage}
 46495 | Elf:3    | Got the Catalogue of Contamination
 46544 | Elf:3    | Paralysed by an air elemental for 1 turns
 46608 | Elf:3    | Found Ryasaple's Antique Weapon Boutique.
 46618 | Elf:3    | Found Zyrist's Assorted Antiques.
 46625 | Elf:3    | Bought a scroll of enchant weapon for 247 gold pieces
 46625 | Elf:3    | Bought a scroll of blinking for 247 gold pieces
 46625 | Elf:3    | Bought a potion of resistance for 330 gold pieces
 46664 | Elf:3    | Reached skill level 17 in Invocations
 46709 | Elf:3    | Found Jeafic's Armour Boutique.
 46856 | Elf:3    | Paralysed by an air elemental for 1 turns
 46948 | Elf:3    | Found an ancient bone altar of Kikubaaqudgha.
 46986 | Elf:3    | Found Vacutup's Jewellery Shop.
 47097 | Elf:3    | Identified the +5 great sword of Greatest Utility {vorpal,
                  | rPois Will+ Str+4 Dex-4}
 47166 | Elf:3    | Identified the +0 chain mail of Satisfaction {rPois Will-
                  | Int+5}
 47173 | Elf:3    | Identified the +5 sling of Dishonour {vorpal, rPois Dex+4}
 47249 | Elf:3    | Got the Excursus on the Solid Throng
 47469 | Orc:2    | Bought a scroll of blinking for 75 gold pieces
 47469 | Orc:2    | Bought 2 scrolls of fear for 80 gold pieces
 47469 | Orc:2    | Bought 2 scrolls of magic mapping for 150 gold pieces
 47679 | Depths:1 | Entered Level 1 of the Depths
 47739 | Depths:1 | Reached skill level 17 in Fighting
 47763 | Depths:1 | Found Ygrap's Jewellery Boutique.
 47767 | Depths:1 | Found Daxaph's Jewellery Boutique.
 47956 | Depths:1 | Found a gateway to Hell.
 47962 | Depths:1 | Found a one-way gateway to a ziggurat.
 48764 | D:7      | Bought the +8 autumn katana {vorpal, manifold assault} for
                  | 1161 gold pieces
 48764 | D:7      | Found the +8 autumn katana {vorpal, manifold assault}
 48922 | D:12     | You paid a toll of the autumn katana to enter a treasure
                  | trove
 48923 | Trove    | Entered a treasure trove
 48936 | Trove    | Identified the +6 tower shield "Pasoclig" {rPois Str-3
                  | Int+8 Stlth-}
 48949 | Trove    | Identified the +1 cloak "Osmagorr" {rF+ Slay+5}
 48997 | Trove    | Identified the amulet "Usot" {Reflect rC++ SH+5 Stlth+}
 49262 | Depths:2 | Found a hide-covered altar of Uskayaw.
 49287 | Depths:2 | Reached XP level 22. HP: 197/201 MP: 33/33
 49376 | Depths:2 | Found a one-way gate leading to the halls of Pandemonium.
 49383 | Depths:2 | Gained mutation: You occasionally lose the ability to read
                  | scrolls when taking damage. [a neqoxec]
 49474 | Depths:2 | Reached skill level 18 in Invocations
 49479 | Depths:2 | Reached skill level 18 in Fighting
 49481 | Depths:2 | Noticed a golden dragon
 49485 | Depths:2 | Noticed a caustic shrike
 49498 | Depths:2 | Noticed a golden dragon
 49500 | Depths:2 | Killed a golden dragon
 49510 | Depths:2 | Killed a caustic shrike
 49510 | Depths:2 | HP: 99/202 [sphinx/divine providence (14)]
 49516 | Depths:2 | HP: 77/202 [golden dragon (5)]
 49519 | Depths:2 | Killed a golden dragon
 49519 | Depths:2 | Paralysed by a sphinx for 3 turns
 49755 | Depths:2 | Noticed a juggernaut
 49769 | Depths:2 | Killed a juggernaut
 49927 | Depths:2 | Found Utecamuf's Book Shop.
 49927 | Depths:2 | Found Pairr's Jewellery Shoppe.
 49929 | Depths:2 | Found Ceofeo Gudae's Book Shop.
 50245 | Depths:3 | Found a one-way gate to the infinite horrors of the Abyss.
 50330 | Depths:3 | Found a shimmering altar of Xom.
 50661 | Depths:3 | Reached skill level 19 in Fighting
 50708 | Depths:3 | Noticed a dread lich
 50711 | Depths:3 | Paralysed by a dread lich for 3 turns
 50722 | Depths:3 | Killed a dread lich
 50742 | Depths:3 | Reached skill level 19 in Invocations
 50767 | Depths:3 | Found the +6 Majin-Bo {vamp, MP+6 Int+6}
 50844 | Depths:4 | Entered Level 4 of the Depths
 50983 | Depths:4 | Noticed a golden dragon
 50990 | Depths:4 | Killed a golden dragon
 50993 | Depths:4 | Identified the ring "Tubuck" {Ice rElec Will+++ Dex-2 SInv}
 50993 | Depths:4 | Noticed Josephina
 50995 | Depths:4 | Noticed a caustic shrike
 50997 | Depths:4 | Noticed a caustic shrike
 50997 | Depths:4 | Noticed a caustic shrike
 51000 | Depths:4 | Killed a caustic shrike
 51094 | Depths:4 | Found Voisuyf's Self-Improvement Boutique.
 51101 | Depths:4 | Bought a manual of Armour for 1360 gold pieces
 51153 | Depths:4 | Noticed Frederick
 51168 | Depths:4 | Killed Frederick
 51214 | Depths:4 | Noticed a golden dragon
 51466 | Depths:4 | Reached skill level 20 in Fighting
 51549 | Depths:4 | Killed a caustic shrike
 51566 | Depths:4 | Killed a caustic shrike
 51645 | Depths:4 | Found a white marble altar of Elyvilon.
 51776 | Depths:4 | Killed a golden dragon
 51777 | Depths:4 | Reached skill level 20 in Invocations
 51828 | Depths:4 | Found a runed translucent door.
 51828 | Depths:4 | Found a runed translucent door.
 51849 | Depths:4 | Reached XP level 23. HP: 159/215 MP: 36/36
 51914 | Depths:4 | Found a runed translucent door.
 51937 | Depths:4 | Found a runed translucent door.
 51968 | Depths:4 | Found a runed translucent door.
 51992 | Depths:4 | HP: 93/190 [Josephina/ghostly fireball (52)]
 52173 | Depths:4 | Found a runed translucent door.
 52346 | Depths:4 | Found a gate to the Realm of Zot.
 52877 | Vaults:5 | Entered Level 5 of the Vaults
 52887 | Vaults:5 | Reached skill level 21 in Armour
 52976 | Vaults:5 | HP: 106/215 [constriction (7)]
 53092 | Vaults:5 | Reached skill level 21 in Shields
 53171 | Vaults:5 | Reached skill level 22 in Armour
 53221 | Vaults:5 | Identified the +9 lajatang "Ogiaxyn" {freeze, Int+3 Dex+4}
 53271 | Vaults:5 | Identified the +10 whip of Ticux {venom, Int-4 Dex+5}
 53314 | Vaults:5 | Noticed a dread lich
 53319 | Vaults:5 | Reached skill level 21 in Invocations
 53319 | Vaults:5 | Noticed Sojobo
 53331 | Vaults:5 | Noticed an ancient lich
 53342 | Vaults:5 | Killed an ancient lich
 53352 | Vaults:5 | Reached skill level 23 in Armour
 53354 | Vaults:5 | HP: 102/206 [titan/the air (28)]
 53503 | Vaults:5 | Identified the +10 rapier "Boucuc" {vorpal, rElec rC+ Int+3
                  | Dex+3}
 53645 | Vaults:5 | Identified the +1 ring mail of the Fifty Lives {SInv}
 53721 | Vaults:5 | Noticed an ancient lich
 53726 | Vaults:5 | Killed an ancient lich
 53750 | Vaults:5 | Got a silver rune of Zot
 53816 | Vaults:5 | Got Qirad's Tractate on Shaping and the Glacier
 53893 | Vaults:5 | Killed a dread lich
 53997 | Vaults:5 | Killed Sojobo
 53998 | Vaults:5 | Reached XP level 24. HP: 224/224 MP: 36/36
 54063 | Vaults:5 | Found the +9 scales of the Dragon King {rPois rF+ rC+
                  | Will+}
 54065 | Vaults:5 | Identified the +2 spear "Demonbane" {antimagic, rCorr}
 54084 | Vaults:5 | Identified the ring "Unafo" {rC+ Int+6}
 54085 | Vaults:5 | Identified the +8 flail of Conformity {speed, Fly Will-
                  | MP+9}
 54266 | Vaults:5 | Identified the +5 rapier of the Sage {flame, rC+ Int+2}
 55098 | Crypt:1  | Entered Level 1 of the Crypt
 55145 | Crypt:1  | Reached skill level 22 in Shields
 55373 | Crypt:1  | Reached skill level 24 in Armour
 56317 | Crypt:1  | You fall into a shaft and drop 1 floor!
 56452 | Crypt:2  | HP: 106/220 [flayed ghost/flay_damage (33)]
 57433 | Crypt:3  | Entered Level 3 of the Crypt
 57491 | Crypt:3  | Reached skill level 22 in Invocations
 57493 | Crypt:3  | HP: 100/224 [flayed ghost/flay_damage (31)]
 58192 | Crypt:3  | Reached skill level 23 in Shields
 58224 | Crypt:3  | Found an ancient bone altar of Kikubaaqudgha.
 58236 | Crypt:3  | Noticed a dread lich
 58237 | Crypt:3  | Noticed a dread lich
 58255 | Crypt:3  | Gained mutation: You are dopey. (Int -2) [a cacodemon]
 58259 | Crypt:3  | Killed a dread lich
 58259 | Crypt:3  | HP: 160/333 [cacodemon[a dread lich] (8)]
 58262 | Crypt:3  | Killed a dread lich
 58737 | Crypt:3  | Found a staircase to the Tomb.
 58749 | Crypt:3  | Found the +8 demon blade "Leech" {vamp, Harm Drain rN+}
 59693 | Slime:1  | Entered Level 1 of the Pits of Slime
 59749 | Slime:1  | Gained mutation: You are frail. (-10% HP) [a shining eye]
 59773 | Slime:2  | Reached skill level 25 in Armour
 59814 | Slime:3  | Gained mutation: Your body sometimes deteriorates upon
                  | taking damage. [a shining eye]
 59921 | Slime:3  | Reached XP level 25. HP: 205/207 MP: 37/37
 59949 | Slime:5  | Entered Level 5 of the Pits of Slime
 59982 | Slime:5  | Noticed the Royal Jelly
 60136 | Slime:5  | Killed the Royal Jelly
 60206 | Slime:5  | Reached skill level 24 in Shields
 60349 | Slime:5  | Got a slimy rune of Zot
 60408 | Slime:5  | Reached skill level 23 in Invocations
 60408 | Slime:5  | Reached XP level 26. HP: 215/215 MP: 37/37
 60409 | Slime:5  | Reached XP level 27. HP: 221/221 MP: 37/37
 60410 | Slime:5  | Reached skill level 26 in Armour
 60474 | Slime:5  | Identified the ring of Due Proportion {rElec rCorr Str+3
                  | Int+6 Stlth+}
 60486 | Slime:5  | Identified the +12 lajatang "Osiqetig" {vorpal, rN+ SInv}
 60557 | Lair:4   | Lost mutation: You are frail. (-10% HP) [potion of
                  | mutation]
 60557 | Lair:4   | Lost mutation: You are dopey. (Int -2) [potion of mutation]
 60557 | Lair:4   | Lost mutation: You occasionally lose the ability to read
                  | scrolls when taking damage. [potion of mutation]
 60557 | Lair:4   | Gained mutation: You are vulnerable to cold. (rC-) [potion
                  | of mutation]
 60931 | Zot:1    | Entered Level 1 of the Realm of Zot
 61070 | Zot:1    | a Killer Klown changed into a juggernaut
 61070 | Zot:1    | Noticed a juggernaut
 61091 | Zot:1    | Killed a juggernaut
 61944 | Depths:4 | Killed Josephina
 61988 | Depths:1 | CougarLife: must be nice
 62234 | Zot:1    | CougarLife: your defenses are nuts
 62398 | Zot:1    | Reached skill level 25 in Shields
 62612 | Zot:1    | Noticed Parghit
 62781 | Zot:1    | sleeves: its good yeah
 62781 | Zot:1    | sleeves: but this guy is better
 62781 | Zot:1    | sleeves: apparently
 62927 | Zot:1    | sleeves: a literal god
 62966 | Zot:1    | HP: 114/246 [Parghit (23)]
 63123 | Zot:1    | Found a shimmering altar of Xom.
 63124 | Zot:1    | Found a shimmering altar of Xom.
 63124 | Zot:1    | Found a shimmering altar of Xom.
 63124 | Zot:1    | Found a glowing silver altar of Zin.
 63125 | Zot:1    | Found a shimmering altar of Xom.
 63126 | Zot:1    | Found a shimmering altar of Xom.
 63126 | Zot:1    | Found a shimmering altar of Xom.
 63126 | Zot:1    | Found a shimmering altar of Xom.
 63276 | Zot:1    | Noticed an orb of fire
 63278 | Zot:1    | Gained mutation: Armour fits poorly on your strangely
                  | shaped body. [an orb of fire]
 63298 | Zot:1    | Identified the ring "Utul" {rC+ AC+4}
 63307 | Zot:1    | Gained mutation: Your body often deteriorates upon taking
                  | damage. [an orb of fire]
 63309 | Zot:1    | Gained mutation: You are weak. (Str -2) [an orb of fire]
 63311 | Zot:1    | Killed an orb of fire
 63319 | Zot:1    | Identified the +11 halberd of Equivalence {vorpal, Dex+6}
 64012 | Zot:2    | Reached skill level 24 in Invocations
 64303 | Zot:2    | Reached skill level 27 in Armour
 64788 | Zot:3    | Found the +4 dragonskin cloak
 64788 | Zot:3    | Noticed Tiamat
 64802 | Zot:3    | Reached skill level 26 in Shields
 64816 | Zot:3    | Killed Tiamat
 64890 | Zot:3    | Found a transporter.
 64934 | Zot:3    | Found a transporter.
 65052 | Zot:3    | Noticed Vv
 65080 | Zot:3    | Killed Vv
 65900 | Zot:4    | Noticed an orb of fire
 65901 | Zot:4    | sleeves: oh yeah
 65901 | Zot:4    | sleeves: no this is great
 65901 | Zot:4    | sleeves: rich dcss experience
 65901 | Zot:4    | CougarLife: jesus christ
 65901 | Zot:4    | CougarLife: well youre fucked
 65901 | Zot:4    | CougarLife: good luck
 65901 | Zot:4    | sleeves: i have Qaz
 65901 | Zot:4    | sleeves: so i think they die
 65901 | Zot:4    | sleeves: but this is pretty funny
 65901 | Zot:4    | CougarLife: idk
 65901 | Zot:4    | CougarLife: u got 2 summoners
 65901 | Zot:4    | CougarLife: oof
 65902 | Zot:4    | CougarLife: some moths
 65902 | Zot:4    | Gained mutation: You occasionally lose the ability to read
                  | scrolls when taking damage. [an orb of fire]
 65903 | Zot:4    | Killed an orb of fire
 65904 | Zot:4    | Reached skill level 27 in Shields
 65904 | Zot:4    | Reached skill level 25 in Invocations
 65904 | Zot:4    | CougarLife: yeah this is lookin rough lol
 65904 | Zot:4    | CougarLife: or not
 65904 | Zot:4    | sleeves: nice god
 65904 | Zot:4    | CougarLife: lmao
 65907 | Zot:4    | CougarLife: whats ur invoc lvl
 65907 | Zot:4    | sleeves: 25
 65907 | Zot:4    | CougarLife: OH YEAH
 65913 | Zot:4    | CougarLife: THAT WILL DSEFINITELY DO IT LOL
 65975 | Zot:3    | CougarLife: qaz is pretty strong yeah
 66048 | Zot:4    | CougarLife: max invoc disaster area can match even pan
                  | lords
 66049 | Zot:4    | sleeves: i once did tomb at like lvl 24 with qaz
 66049 | Zot:4    | sleeves: it was for a banner in a tournament
 66049 | Zot:4    | CougarLife: which is why in the zigg sprint you pick qaz or
                  | die
 66259 | Zot:4    | Identified the +11 long sword of the Immovable Dances
                  | {vorpal, +Blink MP-9 Str+2}
 66864 | Zot:5    | Entered Level 5 of the Realm of Zot
 66989 | Zot:5    | Reached skill level 26 in Invocations
 67285 | Zot:5    | Noticed an orb of fire
 67291 | Zot:5    | Noticed an orb of fire
 67293 | Zot:5    | Gained mutation: Your magical capacity is low. (-10% MP)
                  | [an orb of fire]
 67301 | Zot:5    | Killed an orb of fire
 67304 | Zot:5    | Gained mutation: You occasionally lose the ability to drink
                  | potions when taking damage. [an orb of fire]
 67305 | Zot:5    | Gained mutation: You are dopey. (Int -2) [an orb of fire]
 67311 | Zot:5    | Killed an orb of fire
 67312 | Zot:5    | Lost mutation: You are dopey. (Int -2) [potion of mutation]
 67312 | Zot:5    | Lost mutation: Armour fits poorly on your strangely shaped
                  | body. [potion of mutation]
 67312 | Zot:5    | Lost mutation: You are vulnerable to cold. (rC-) [potion of
                  | mutation]
 67312 | Zot:5    | Lost mutation: You occasionally lose the ability to drink
                  | potions when taking damage. [potion of mutation]
 67313 | Zot:5    | Lost mutation: Your body often deteriorates upon taking
                  | damage. [potion of mutation]
 67313 | Zot:5    | Lost mutation: You are weak. (Str -2) [potion of mutation]
 67313 | Zot:5    | Gained mutation: You are weak. (Str -2) [potion of
                  | mutation]
 67313 | Zot:5    | Gained mutation: You are agile. (Dex +4, Str/Int -1)
                  | [potion of mutation]
 67314 | Zot:5    | Lost mutation: You occasionally lose the ability to read
                  | scrolls when taking damage. [potion of mutation]
 67314 | Zot:5    | Lost mutation: You are agile. (Dex +4, Str/Int -1) [potion
                  | of mutation]
 67314 | Zot:5    | Gained mutation: You occasionally lose the ability to read
                  | scrolls when taking damage. [potion of mutation]
 67314 | Zot:5    | Gained mutation: Potions are less effective at restoring
                  | your health. [potion of mutation]
 67314 | Zot:5    | Gained mutation: You are strong-willed. (Will+) [potion of
                  | mutation]
 67314 | Zot:5    | Gained mutation: You have supernaturally acute eyesight.
                  | (SInv) [potion of mutation]
 67315 | Zot:5    | Lost mutation: You are strong-willed. (Will+) [potion of
                  | mutation]
 67315 | Zot:5    | Lost mutation: Potions are less effective at restoring your
                  | health. [potion of mutation]
 67315 | Zot:5    | Lost mutation: You occasionally lose the ability to read
                  | scrolls when taking damage. [potion of mutation]
 67315 | Zot:5    | Gained mutation: Potions are less effective at restoring
                  | your health. [potion of mutation]
 67315 | Zot:5    | Lost mutation: You are weak. (Str -2) [potion of mutation]
 67353 | Zot:5    | a Killer Klown changed into a juggernaut
 67353 | Zot:5    | Noticed a juggernaut
 67367 | Zot:5    | Killed a juggernaut
 67382 | Zot:5    | Reached skill level 27 in Invocations
 67413 | Zot:5    | Noticed an orb of fire
 67422 | Zot:5    | Noticed a dread lich
 67425 | Zot:5    | Noticed a dread lich
 67426 | Zot:5    | Noticed an orb of fire
 67431 | Zot:5    | HP: 116/246 [???[a dread lich] (114)]
 67432 | Zot:5    | Killed a dread lich
 67432 | Zot:5    | Killed an orb of fire
 67434 | Zot:5    | Noticed a dread lich
 67434 | Zot:5    | Killed an orb of fire
 67435 | Zot:5    | Killed a dread lich
 67444 | Zot:5    | Killed a dread lich
 67450 | Zot:5    | HP: 124/249 [Orb Guardian (13)]
 67455 | Zot:5    | Reached skill level 19 in Axes
 67557 | Zot:5    | Got the Orb of Zot
 67597 | Zot:5    | Reached skill level 21 in Fighting
 67616 | Zot:5    | Gained mutation: Your body often deteriorates upon taking
                  | damage. [mutagenic glow]
 67652 | Zot:4    | Noticed Leacsy the pandemonium lord
 67666 | Zot:4    | Killed Leacsy the pandemonium lord
 68292 | D:1      | Noticed Beirph the pandemonium lord
 68310 | D:$      | Escaped with the Orb!

Illustrated notes

Levels and vault maps discovered:
D:1:      heliophobic_arrival_dark_side_of_the_moon, layout_rooms
D:2:      layout_basic, chequers_ecumenical_altar_island,
          lightli_corner_chamber, uniq_crazy_yiuf_cottage, uniq_robin,
          uniq_terence
D:3:      layout_loops_ring, serial_shops, nicolae_shop_hallway_stairs,
          chequers_arboretum
D:4:      layout_loops_ring
D:5:      layout_basic, serial_shops, nicolae_shop_behind_doors, nrook_uturn
D:6:      layout_basic, minmay_temple_entry_drinking_statues, hex_medium,
          uniq_pikel
D:7:      layout_rooms, nicolae_overflow_hallway_of_the_gods, serial_shops,
          nicolae_shop_trees, shop, uniq_duvessa, uniq_joseph
D:8:      layout_loops_ring, mainiacjoe_overflow_small_starburst,
          mainiacjoe_overflow_catwalk, serial_shops, nicolae_take_the_stairs,
          uniq_erica
D:9:      minmay_chambers_of_sevens, layout_small_grid, minmay_hedge_maze
D:10:     layout_cross, mainiacjoe_overflow_paths,
          gammafunk_temple_overflow_wave, orc_0_dummy
D:11:     layout_loops_corners, lair_entry_dummy,
          ploomutoo_gammafunk_ghost_potion_laboratory,
          chequers_serial_rivers_micro_e
D:12:     layout_loops_ring, nicolae_trove_entry_isolated, uniq_jorgrun
D:13:     layout_gridville
D:14:     layout_gridville, erik_vaults_2, serial_ice, serial_ice_m,
          serial_ice_h, serial_ice_f, serial_ice_b, serial_ice_o, serial_ice_l,
          serial_ice_a, serial_ice_e, serial_ice_d, serial_ice_c
D:15:     grunt_enter_depths_magical_seal, layout_loops_ring,
          minmay_misc_feat_rugged
Temple:   hellmonk_temple_of_storms
Lair:1:   layout_small_grid, fungi_pond_lemuel, uniq_harold
Lair:2:   layout_roguey, basic_altar
Lair:3:   cheibrodos_magma_flow, layout_gridlike, palyth_hydra_swamp_entry,
          nicolae_spider_entry_non_spiders, hangedman_lair_generics_rect,
          lemuel_fruit_fields
Lair:4:   nzn_winding_woodlands_cross
          [nzn_winding_woodlands_5x15_river_crossing,
          nzn_winding_woodlands_5x15_longhouse, nzn_winding_woodlands_5x15_eye,
          nzn_winding_woodlands_5x15_crooked,
          nzn_winding_woodlands_15x15_boxy_spiral], layout_gridlike,
          nicolae_slime_entry_slimehenge, portal_ice_cave_demonic_guard
Lair:5:   evil_forest, layout_cave_pods, evilmike_ambush
          [evilmike_ambush_outer_basic, evilmike_ambush_inner_pond], uniq_sonja
Swamp:1:  layout_basic_swamp, ebering_ghost_funeral_grove,
          evilmike_swamp_ruin_house_4, uniq_kirke
Swamp:2:  layout_basic_swamp, hangedman_swamp_lotus
Swamp:3:  layout_falls_marsh, evilmike_swamp_ruin_house_6
Swamp:4:  swamp, layout_basic_swamp
Spider:1: layout_chambers, hangedman_spider_tarantella_strand
Spider:2: layout_spider_delve, einodemon_crawler_minivault, uniq_arachne
Spider:3: layout_cave_pods, nicolae_spider_some_kinda_spiderbox
Spider:4: spider_rune_water, drop_trap, uniq_nikola
Slime:1:  layout_caves, cheibrodos_slime_lost_civilization_4
Slime:2:  layout_caves
Slime:3:  layout_caves
Slime:4:  layout_caves, cheibrodos_slime_lost_civilization_5
Slime:5
Orc:1:    layout_diamond_mine, nicolae_volcano_entry_two_sided
Orc:2:    st_orc_open, layout_caves, serial_shops, nicolae_shop_waterfront,
          basic_altar, uniq_maurice
Elf:1:    layout_rooms, minivault_28, lemuel_statue_altar, fountainhead,
          minmay_shoptagon
Elf:2:    elven_hall_of_blades_hangedman_original
          [nicolae_blade_entry_hurt_lockers], layout_loops_ring, serial_shops,
          shop, basic_altar
Elf:3:    minmay_elf_hall_dome, layout_gridlike, basic_altar, serial_shops,
          nicolae_shop_trees, shop, shop, nicolae_shop_trees, shop_fountains,
          minmay_misc_feat_five, minivault_15
Vaults:1: ontoclasm_vaults_decontamination, nicolae_vaults_puzzle_piece,
          vaults_room_door_hall, v_misc_2, vaults_room_grunt_arrival_ludios,
          nicolae_vaults_big_ls, vaults_standard_mumra_enter_the_diamond,
          vaults_dpeg_doors, nicolae_vaults_little_squares_2,
          vaults_dpeg_emergency_exit, v_alt_pattern_1,
          nicolae_vaults_little_squares_2, layout_vaults_omnicross,
          serial_shops, bzr_in_the_mist, uniq_asterion
Vaults:2: v_pattern_1, ontoclasm_vaults_loading_screen, ontoclasm_vaults_idyll,
          nicolae_vaults_triangles, v_misc_26, ontoclasm_vaults_chip,
          vaults_room_door_hall, layout_vaults_chaotic_city
Vaults:3: minmay_crypt_entry_simple_round, nicolae_vaults_little_squares_5,
          nicolae_vaults_ninety_degrees, nicolae_vaults_asterisk,
          hangedman_vaults_snaps, v_misc_10, ontoclasm_vaults_chip,
          hangedman_vaults_locks, layout_vaults_omnigrid, uniq_mennas
Vaults:4: grunt_vaults_twisty, nicolae_vaults_little_squares_1,
          dpeg_vaults_monster_row, hangedman_vaults_stretched_pinwheel,
          vaults_mumra_minichess, v_alt_pattern_1,
          nicolae_vaults_network_periphery, vaults_room_hallway,
          vaults_room_octagon, ontoclasm_vaults_chip, v_alt_pattern_2,
          ontoclasm_vaults_twist, layout_vaults_ring, uniq_margery
Vaults:5: uniq_sojobo
Crypt:1:  layout_chaotic_city, fountainhead, grunt_crypt_arrival_split
Crypt:2:  layout_gridlike, grunt_megastairs_3
Crypt:3:  quadcrypt_mu
Depths:1: layout_basic, enter_ziggurat_c, kennysheep_minor_cross, hell_entry,
          minmay_variable_closet, grunt_ministairs_4,
          chequers_serial_rivers_micro_c, serial_bayou_crossing,
          minmay_shop_star
Depths:2: minmay_octo_star, layout_twisted_cross, grunt_pan_entry_spiral,
          nicolae_uskayaw_dance_hall, hell_entry, minmay_shop_grove,
          infiniplex_staircase_zigzag_3
Depths:3: minmay_guarded_unrand_majin_bo, layout_basic, hell_entry,
          xom_teletrap_fun, minmay_room_of_horrors, pan_entry, minivault_16
Depths:4: evilmike_zot_entry_castle, layout_basic, grunt_hell_horde,
          lemuel_coloured_pillars_altar, st_stairs_4, serial_bayou_ford_a,
          roderic_lattice_a, nicolae_shop_self_help, uniq_frederick,
          uniq_josephina
Zot:1:    dreamdust_zin_vs_xom, layout_onion_interference, nzn_random_ring,
          uniq_parghit
Zot:2:    layout_twisted_circle, grunt_megastairs_2
Zot:3:    gammafunk_sealed_arena, layout_gridlike, hangedman_elemental_corridor,
          uniq_vv, uniq_tiamat
Zot:4:    layout_gridlike, evilmike_ambush [evilmike_ambush_outer_basic,
          evilmike_ambush_inner_basic]
Zot:5:    layout_twisted_circle

Skill      XL: |  1  2  3  4  5  6  7  8  9 10 11 12 13 14 15 16 17 18 19 20 21 22 23 24 25 26 27 |
---------------+----------------------------------------------------------------------------------+-----
Axes           | 4 5 6 7 8 9 10 11 12 13 15 18 19 | 19.4
Armour         | 1 3 5 7 8 9 10 12 13 14 16 18 19 20 23 25 27 | 27.0
Invocations    | 1 4 5 7 8 9 10 11 12 14 15 16 17 20 21 22 23 27 | 27.0
Dodging        | 3 5 8 10 13 15 | 15.0
Throwing       | 3 5 7 8 9 10 11 12 13 15 16 18 | 18.0
Shields        | 4 7 8 9 11 12 14 15 18 20 21 23 24 27 | 27.0
Fighting       | 4 7 9 11 13 15 17 20 21 | 21.2
Spellcasting   | |  1.3
Conjurations   | |  2.1

Action                   |  1- 3 |  4- 6 |  7- 9 | 10-12 | 13-15 | 16-18 | 19-21 | 22-24 | 25-27 || total
-------------------------+-------+-------+-------+-------+-------+-------+-------+-------+-------++-------
Melee: Hand axe          |   120 |   183 |   160 |       |       |       |       |       |       ||   463
       Headbutt          |    14 |    30 |    59 |   151 |   242 |   272 |   314 |   517 |   520 ||  2119
       Punch             |     1 |     1 |     4 |       |       |       |       |       |       ||     6
       War axe           |       |       |    47 |       |       |       |       |       |       ||    47
       Broad axe         |       |       |    85 |   642 |  1055 |  1069 |  1176 |  1503 |  1340 ||  6870
       Scimitar          |       |       |       |    12 |    20 |       |       |       |       ||    32
       Unarmed           |       |       |       |       |       |     2 |       |       |       ||     2
Throw: Dart              |       |       |    15 |    39 |       |    40 |       |       |       ||    94
       Javelin           |       |       |       |     3 |     1 |       |       |     5 |     9 ||    18
       Boomerang         |       |       |       |    14 |    15 |     1 |     8 |    32 |    65 ||   135
       Throwing net      |       |       |       |       |     1 |       |       |       |       ||     1
Invok: Upheaval          |       |       |       |       |     6 |     2 |     4 |     3 |       ||    15
       Disaster Area     |       |       |       |       |       |       |       |     4 |     7 ||    11
Evoke: Wand              |       |       |     1 |     9 |     4 |       |       |       |     4 ||    18
       Tin of tremorston |       |       |       |       |       |     1 |       |       |       ||     1
       Phial of floods   |       |       |       |       |       |     1 |     1 |     1 |       ||     3
  Use: Scroll            |       |       |    11 |     6 |    12 |    15 |     7 |    11 |    19 ||    81
       Potion            |       |       |     1 |     3 |     2 |     3 |    11 |     5 |    20 ||    45
 Stab: Paralysed         |       |       |       |     8 |     1 |       |       |       |       ||     9
       Distracted        |       |       |       |     1 |       |       |     1 |     1 |       ||     3
       Petrified         |       |       |       |       |    11 |       |       |       |       ||    11
       Petrifying        |       |       |       |       |     5 |       |       |       |       ||     5
       Confused          |       |       |       |       |       |     1 |       |       |       ||     1
       Invisible         |       |       |       |       |       |     2 |       |     3 |       ||     5
       Held in net/web   |       |       |       |       |       |       |       |     2 |       ||     2
Armor: Leather armour    |     5 |       |       |       |       |       |       |       |       ||     5
       Scale mail        |    37 |     2 |       |       |       |       |       |       |       ||    39
       Chain mail        |       |    57 |   104 |       |       |       |       |       |       ||   161
       Ring mail         |       |       |       |    78 |       |       |       |       |       ||    78
       Plate armour      |       |       |       |   198 |   471 |   466 |   235 |   256 |       ||  1626
       Skin              |       |       |       |       |       |     1 |       |       |       ||     1
       Gold dragon scale |       |       |       |       |       |       |       |    30 |   366 ||   396
Dodge: Dodged            |    78 |    94 |   163 |   276 |   316 |   401 |   351 |   306 |   317 ||  2302
       Repelled          |       |       |       |     4 |    14 |    13 |    19 |    14 |    37 ||   101
Block: Other             |       |       |     2 |       |       |     1 |       |       |       ||     3
       Kite shield       |       |       |       |   520 |   916 |  1280 |   255 |       |       ||  2971
       Reflection        |       |       |       |       |       |    15 |   118 |    38 |    38 ||   209
       Tower shield      |       |       |       |       |       |       |  1113 |  1815 |  1760 ||  4688

Table legend: (Time is in decaauts)
 A = Elapsed time spent in this place.
 B = Non-inter-level travel time spent in this place.
 C = Inter-level travel time spent in this place.
 D = Time resting spent in this place.
 E = Time spent auto-exploring this place.
 F = Levels seen in this place.
 G = Mean time per level.
                   A        B        C        D        E       F      G
               +--------+--------+--------+--------+--------+-----+--------+
         Total |  67522 |  56764 |  10758 |   5504 |  37120 |  61 | 1106.9 |
       Dungeon |  21107 |  16564 |   4543 |   2617 |  10080 |  15 | 1407.1 |
        Temple |     61 |     52 |      9 |      0 |     39 |   1 |   61.0 |
          Lair |   8801 |   7668 |   1133 |    663 |   5319 |   5 | 1760.2 |
         Swamp |   2774 |   2523 |    251 |    119 |   1805 |   4 |  693.5 |
   Spider Nest |   5380 |   4839 |    541 |    341 |   3469 |   4 | 1345.0 |
    Slime Pits |    779 |    727 |     52 |    297 |      0 |   5 |  155.8 |
  Orcish Mines |   1877 |   1607 |    270 |    116 |   1046 |   2 |  938.5 |
   Elven Halls |   3490 |   3114 |    376 |    271 |   2063 |   3 | 1163.3 |
        Vaults |   8207 |   6503 |   1704 |    498 |   4440 |   5 | 1641.4 |
         Crypt |   3378 |   3132 |    246 |     87 |   2248 |   3 | 1126.0 |
        Depths |   5209 |   4000 |   1209 |     43 |   2930 |   4 | 1302.2 |
           Zot |   5606 |   5187 |    419 |    356 |   3431 |   5 | 1121.2 |
         Abyss |    291 |    291 |      0 |     57 |     32 |   2 |  145.5 |
        Bazaar |    162 |    162 |      0 |     38 |     82 |   1 |  162.0 |
         Trove |    132 |    132 |      0 |      0 |     33 |   1 |  132.0 |
       Volcano |    261 |    261 |      0 |      0 |    100 |   1 |  261.0 |
               +--------+--------+--------+--------+--------+-----+--------+

Top non-repeatable levels by time:
  Lair:3: 2585 daAuts
     D:7: 2524 daAuts
     D:9: 2150 daAuts
Vaults:2: 2143 daAuts
Depths:4: 2119 daAuts
    D:11: 2064 daAuts
   Zot:1: 2058 daAuts
     D:8: 1889 daAuts
  Lair:4: 1840 daAuts
 Crypt:3: 1804 daAuts
  Lair:5: 1769 daAuts
Vaults:3: 1715 daAuts
Spider:1: 1702 daAuts
     D:5: 1648 daAuts
   Elf:2: 1544 daAuts
